 Dungeon Crawl Stone Soup version 0.22.1-6-g1668fe2 (webtiles) character file.

1589288 Flaz the Conqueror (level 27, -57/273 HPs)
             Began as a Ghoul Fighter on Jan 27, 2019.
             Was the Champion of Makhleb.
             Killed from afar by an ancient lich (84 damage)
             ... with a crystal spear
             ... on level 27 of a ziggurat on Feb 1, 2019.
             The game lasted 23:08:46 (154318 turns).

Flaz the Conqueror (Ghoul Fighter)                Turns: 154318, Time: 23:08:47

Health: -57/273    AC: 50    Str: 41    XL:     27
Magic:  0/39       EV: 24    Int: 14    God:    Makhleb [******]
Gold:   16020      SH: 20    Dex: 14    Spells: 43/43 levels left

rFire    + + +     SeeInvis +   Y - +9 double sword (freeze)
rCold    + + +     Gourm    .   H - +0 shield {reflect}
rNeg     + + +     Faith    .   W - +3 crystal plate armour of the Barnacle {rCorr Slay+6 SInv}
rPois    ∞         Spirit   +   A - +0 helmet of Fimagob {rC+ MR++ Int+4 Dex+2}
rElec    +         Reflect  +   N - +2 cloak "Faus" {rPois rF+ MR- Slay+4}
rCorr    +         Harm     .   F - +5 pair of gloves of the Manifold Eyes {*Drain +Blink rPois rF++}
MR       +++..                  G - +0 pair of boots of the Duke {MR+ Str+2}
Stlth    ..........             V - amulet "Homuehe" {Spirit rElec rC+ Str+4 Int+4 Dex+4}
HPRegen  0.00/turn              y - ring of Ton Bule {rPois rC+ MR- Str+5 Slay+6}
MPRegen  0.26/turn              (no ring)

@: rotting, hasted, very quick
A: rotting body, claws 1, carnivore, cold resistance 1, negative energy
resistance 3, inhibited regeneration, torment resistance, unbreathing
}: 15/15 runes: decaying, slimy, silver, golden, iron, obsidian, icy, bone,
abyssal, demonic, glowing, magical, fiery, dark, gossamer
a: Minor Destruction, Lesser Servant of Makhleb, Major Destruction, Greater
Servant of Makhleb, Renounce Religion, Evoke Blink


You were on level 27 of a ziggurat.
You worshipped Makhleb.
Makhleb was exalted by your worship.
You were not hungry.

You visited 18 branches of the dungeon, and saw 90 of its levels.
You visited Pandemonium 4 times, and saw 27 of its levels.
You visited the Abyss 7 times.
You visited 1 ziggurat, and saw 27 of its levels.
You also visited: Labyrinth, Trove, Volcano and Wizlab.

You collected 18972 gold pieces.
You spent 2952 gold pieces at shops.

Inventory:

Hand Weapons
 b - the +8 autumn katana {slice, Clar}
   (You found it on level 22 of a ziggurat)

   It inflicts extra damage upon your enemies.
   It protects you against confusion.
 I - the +10 morningstar "Eos" {elec, Halo rElec}
   (You found it on level 8 of a ziggurat)

   Occasionally, upon striking a foe, it will discharge some electrical energy
   and cause terrible harm.
   It insulates you from electricity.
 L - the +8 trident of the Octopus King {venom, rElec rPois MR+}
   (You found it on level 24 of a ziggurat)

   It poisons the flesh of those it strikes.
   It insulates you from electricity.
   It protects you from poison.
   It affects your resistance to hostile enchantments.
 R - the +6 shillelagh "Devastator" {shatter}
   (You found it on level 15 of a ziggurat)
 U - the +7 longbow "Piercer" {penet, EV-2}
   (You found it on level 10 of a ziggurat)

   Ammo fired by it will pass through the targets it hits, potentially hitting
   all targets in its path until it reaches maximum range.
   It affects your evasion (-2).
 Y - a +9 double sword of freezing (weapon)
Missiles
 a - 11 silver javelins
 r - 4 javelins of penetration (quivered)
Armour
 h - a +14 crystal plate armour
 t - the +3 hat of Pondering {ponderous, MR+ MP+10 Int+5}
   (You found it on level 20 of a ziggurat)

   It affects your intelligence (+5).
   It affects your resistance to hostile enchantments.
   It affects your magic capacity (+10).
 A - the +0 helmet of Fimagob (worn) {rC+ MR++ Int+4 Dex+2}
   (You found it in a treasure trove)

   It affects your intelligence (+4).
   It affects your dexterity (+2).
   It protects you from cold.
   It affects your resistance to hostile enchantments.
 D - the +4 pair of gloves of Xeehuy {+Fly Str+4}
   (You found it on level 23 of a ziggurat)

   It affects your strength (+4).
   It lets you fly.
 F - the +5 pair of gloves of the Manifold Eyes (worn) {*Drain +Blink rPois rF++}
   (Okawaru gifted it to you on level 6 of the Lair of Beasts)

   It greatly protects you from fire.
   It protects you from poison.
   It lets you blink.
   It causes draining when unequipped.
 G - the +0 pair of boots of the Duke (worn) {MR+ Str+2}
   (You found it on level 5 of the Dungeon)

   It affects your strength (+2).
   It affects your resistance to hostile enchantments.
 H - a +0 shield of reflection (worn)
 N - the +2 cloak "Faus" (worn) {rPois rF+ MR- Slay+4}
   (You found it in a treasure trove)

   It affects your accuracy and damage with ranged weapons and melee attacks
   (+4).
   It protects you from fire.
   It protects you from poison.
   It affects your resistance to hostile enchantments.
 P - a +0 pair of boots of running
 W - the +3 crystal plate armour of the Barnacle (worn) {rCorr Slay+6 SInv}
   (You found it in a treasure trove)

   It affects your accuracy and damage with ranged weapons and melee attacks
   (+6).
   It lets you see invisible.
   It provides partial protection from all sources of acid and corrosion.
Jewellery
 e - the ring of Robustness {AC+8}
   (You found it on level 18 of a ziggurat)

   [ring of protection]

   It affects your AC (+8).
 o - the ring of Phasing {EV+8}
   (You found it on level 19 of a ziggurat)

   [ring of evasion]

   It affects your evasion (+8).
 x - the ring of False Pretenses {MR++ EV+3 Int+4}
   (You found it on level 3 of the Tomb of the Ancients)

   [ring of evasion]

   It affects your evasion (+3).
   It affects your intelligence (+4).
   It affects your resistance to hostile enchantments.
 y - the ring of Ton Bule (left hand) {rPois rC+ MR- Str+5 Slay+6}
   (You acquired it on level 5 of the Depths)

   [ring of protection from cold]

   It affects your strength (+5).
   It affects your accuracy and damage with ranged weapons and melee attacks
   (+6).
   It protects you from cold.
   It protects you from poison.
   It affects your resistance to hostile enchantments.
 V - the amulet "Homuehe" (around neck) {Spirit rElec rC+ Str+4 Int+4 Dex+4}
   (You acquired it on level 5 of the Vaults)

   [amulet of guardian spirit]

   It causes incoming damage to be split between your health and magic.
   It affects your strength (+4).
   It affects your intelligence (+4).
   It affects your dexterity (+4).
   It protects you from cold.
   It insulates you from electricity.
 X - the cursed necklace of Bloodlust {*Rage +Rage MR++ Int-3 Slay+6 *Curse}
   (You found it on level 18 of a ziggurat)

   [amulet of rage]

   It affects your intelligence (-3).
   It affects your accuracy and damage with ranged weapons and melee attacks
   (+6).
   It affects your resistance to hostile enchantments.
   It lets you go berserk.
   It may make you go berserk in combat.
   It curses itself when equipped.
   It has a curse placed upon it.
Wands
 l - a wand of clouds (17)
 w - a wand of paralysis (46)
 K - a wand of iceblast (78)
 Z - a wand of scattershot (31)
Scrolls
 c - 51 scrolls of identify
 i - 24 scrolls of fog
 k - 10 scrolls of fear
 m - 34 scrolls of teleportation
 u - 45 scrolls of remove curse
 z - 16 scrolls of enchant weapon
 C - 8 scrolls of holy word
 M - 14 scrolls of immolation
 O - 2 scrolls of torment
 Q - 5 scrolls of silence
 S - 28 scrolls of blinking
Potions
 d - 6 potions of might
 g - 15 potions of agility
 j - 33 potions of curing
 n - 8 potions of ambrosia
 s - 17 potions of heal wounds
 B - 7 potions of cancellation
 E - 5 potions of magic
 J - 18 potions of haste
Miscellaneous
 p - a figurine of a ziggurat
 q - a lightning rod (4/4)
 v - the horn of Geryon
 T - 5 phantom mirrors
Comestibles
 f - 36 rations


   Skills:
 O Level 27 Fighting
   Level 10.5(20.5) Short Blades
 O Level 27 Long Blades
 - Level 13.1 Maces & Flails
 - Level 18.4 Polearms
   Level 11.8 Crossbows
 O Level 27 Throwing
 O Level 27 Armour
 O Level 27 Dodging
 - Level 12.0 Stealth
 - Level 25.0 Shields
 * Level 8.6 Spellcasting
   Level 11.6 Translocations
   Level 11.3 Air Magic
   Level 13.9 Poison Magic
 - Level 8.0 Invocations
 O Level 27 Evocations


You had 43 spell levels left.
You didn't know any spells.
Your spell library contained the following spells:

 Spells                   Type           Power        Failure   Level  Hunger
 Apportation              Tloc           #####.       1%          1    None
 Blink                    Tloc           N/A          1%          2    None
 Poisonous Vapours        Pois/Air       #####.       1%          2    None
 Gell's Gravitas          Tloc           #####.....   1%          3    ##.....
 Lesser Beckoning         Tloc           #####.....   1%          3    ##.....
 Teleport Other           Tloc           #####...     1%          3    ##.....
 Olgreb's Toxic Radiance  Pois           #####...     1%          4    ####...
 Sting                    Conj/Pois      ####         2%          1    None
 Mephitic Cloud           Conj/Pois/Air  ####....     3%          3    ##.....
 Airstrike                Air            #####.....   3%          4    ####...
 Passage of Golubria      Tloc           N/A          3%          4    ####...
 Shock                    Conj/Air       ###.         4%          1    None
 Shroud of Golubria       Chrm/Tloc      ###.......   6%          2    None
 Swiftness                Chrm/Air       ###.....     6%          2    None
 Portal Projectile        Hex/Tloc       ###...       12%         3    ##.....
 Recall                   Summ/Tloc      N/A          12%         3    ##.....
 Static Discharge         Conj/Air       ###.....     12%         3    ##.....
 Ignite Poison            Fire/Tmut/Pois ###.....     19%         3    ##.....
 Force Lance              Conj/Tloc      ###.....     36%         4    ####...
 Summon Lightning Spire   Summ/Air       ###.....     36%         4    ####...
 Animate Skeleton         Necr           N/A          38%         1    None
 Confusing Touch          Hex            #.....       38%         1    None
 Corona                   Hex            #......      38%         1    None
 Flame Tongue             Conj/Fire      #....        38%         1    None
 Freeze                   Ice            #...         38%         1    None
 Infusion                 Chrm           #...         38%         1    None
 Magic Dart               Conj           #...         38%         1    None
 Pain                     Necr           #...         38%         1    None
 Sandblast                Erth           #.....       38%         1    None
 Summon Butterflies       Summ           #.......     38%         1    None
 Summon Small Mammal      Summ           #...         38%         1    None
 Dispersal                Tloc           #####.....   47%         6    #######
 Call Imp                 Summ           #.......     52%         2    None
 Corpse Rot               Necr           N/A          52%         2    None
 Ensorcelled Hibernation  Hex/Ice        #.....       52%         2    None
 Passwall                 Tmut/Erth      #.......     52%         2    None
 Searing Ray              Conj           #.....       52%         2    None
 Slow                     Hex            #.......     52%         2    None
 Song of Slaying          Chrm           #.......     52%         2    None
 Sticks to Snakes         Tmut           #.......     52%         2    None
 Throw Flame              Conj/Fire      #.....       52%         2    None
 Throw Frost              Conj/Ice       #.....       52%         2    None
 Alistair's Intoxication  Tmut/Pois      ####....     54%         5    #####..
 Venom Bolt               Conj/Pois      ####......   54%         5    #####..
 Summon Forest            Summ/Tloc      ###.......   71%         5    #####..
 Lightning Bolt           Conj/Air       ###.......   73%         5    #####..
 Silence                  Hex/Air        ###.......   73%         5    #####..
 Call Canine Familiar     Summ           #.......     77%         3    ##.....
 Confuse                  Hex            #.......     77%         3    ##.....
 Conjure Flame            Conj/Fire      #.......     77%         3    ##.....
 Dazzling Spray           Conj/Hex       #.....       77%         3    ##.....
 Inner Flame              Hex/Fire       #.......     77%         3    ##.....
 Ozocubu's Armour         Chrm/Ice       #.......     77%         3    ##.....
 Regeneration             Chrm/Necr      #.........   77%         3    ##.....
 Spectral Weapon          Hex/Chrm       #.......     77%         3    ##.....
 Stone Arrow              Conj/Erth      #.....       77%         3    ##.....
 Summon Guardian Golem    Hex/Summ       #.......     77%         3    ##.....
 Tukima's Dance           Hex            #.......     77%         3    ##.....
 Vampiric Draining        Necr           #.........   77%         3    ##.....
 Poison Arrow             Conj/Pois      ####......   98%         6    #######
 Animate Dead             Necr           N/A          99%         4    ####...
 Cause Fear               Hex            #.........   99%         4    ####...
 Fulminant Prism          Conj/Hex       #.........   99%         4    ####...
 Iskenderun's Mystic Bla  Conj           #.......     99%         4    ####...
 Leda's Liquefaction      Hex/Erth       #.........   99%         4    ####...
 Petrify                  Tmut/Erth      #.......     99%         4    ####...
 Sticky Flame             Conj/Fire      #.......     99%         4    ####...
 Summon Ice Beast         Ice/Summ       #.......     99%         4    ####...
 Throw Icicle             Conj/Ice       #.......     99%         4    ####...
 Conjure Ball Lightning   Conj/Air       ###.......   99%         6    #######
 Deflect Missiles         Chrm/Air       ###.......   99%         6    #######
 Agony                    Necr           #.......     100%        5    #####..
 Aura of Abjuration       Summ           #.........   100%        5    #####..
 Bolt of Draining         Conj/Necr      #.........   100%        5    #####..
 Bolt of Magma            Conj/Fire/Erth #.........   100%        5    #####..
 Borgnjor's Vile Clutch   Necr/Erth      #.........   100%        5    #####..
 Dispel Undead            Necr           #.......     100%        5    #####..
 Excruciating Wounds      Chrm/Necr      #.........   100%        5    #####..
 Fireball                 Conj/Fire      #.........   100%        5    #####..
 Irradiate                Conj/Tmut      #.........   100%        5    #####..
 Iskenderun's Battlesphe  Conj/Chrm      #.......     100%        5    #####..
 Lee's Rapid Deconstruct  Erth           #.........   100%        5    #####..
 Metabolic Englaciation   Hex/Ice        #.........   100%        5    #####..
 Summon Demon             Summ           #.........   100%        5    #####..
 Summon Mana Viper        Hex/Summ       #.......     100%        5    #####..
 Yara's Violent Unravell  Hex/Tmut       #.........   100%        5    #####..
 Bolt of Cold             Conj/Ice       #.........   100%        6    #######
 Bolt of Fire             Conj/Fire      #.........   100%        6    #######
 Darkness                 Hex            #.........   100%        6    #######
 Death Channel            Necr           #.........   100%        6    #######
 Freezing Cloud           Conj/Ice/Air   ###.......   100%        6    #######
 Invisibility             Hex            #.......     100%        6    #######
 Iron Shot                Conj/Erth      #.........   100%        6    #######
 Ozocubu's Refrigeration  Ice            #.........   100%        6    #######
 Shadow Creatures         Summ           N/A          100%        6    #######
 Simulacrum               Ice/Necr       #.........   100%        6    #######
 Haunt                    Necr/Summ      #.........   100%        7    #######
 Malign Gateway           Summ/Tloc      ###.......   100%        7    #######
 Monstrous Menagerie      Summ           #.........   100%        7    #######
 Orb of Destruction       Conj           #.........   100%        7    #######
 Ring of Flames           Chrm/Fire      #.........   100%        7    #######
 Spellforged Servitor     Conj/Summ      #.........   100%        7    #######
 Summon Greater Demon     Summ           #.........   100%        7    #######
 Summon Hydra             Summ           #.........   100%        7    #######
 Chain Lightning          Conj/Air       ###.......   100%        8    #######
 Discord                  Hex            #.........   100%        8    #######
 Ignition                 Fire           #.........   100%        8    #######
 Infestation              Necr           #.........   100%        8    #######
 Lehudib's Crystal Spear  Conj/Erth      #.........   100%        8    #######
 Summon Horrible Things   Summ           #.........   100%        8    #######
 Dragon's Call            Summ           #.........   100%        9    #######
 Fire Storm               Conj/Fire      #.........   100%        9    #######
 Glaciate                 Conj/Ice       #.........   100%        9    #######
 Shatter                  Erth           #.........   100%        9    #######
 Tornado                  Air            #####.....   100%        9    #######
 Spider Form              Tmut/Pois      Unusable     N/A         3    N/A
 Beastly Appendage        Tmut           Unusable     N/A         1    N/A
 Sublimation of Blood     Necr           Unusable     N/A         2    N/A
 Ice Form                 Ice/Tmut       Unusable     N/A         4    N/A
 Blade Hands              Tmut           Unusable     N/A         5    N/A
 Hydra Form               Tmut           Unusable     N/A         6    N/A
 Statue Form              Tmut/Erth      Unusable     N/A         6    N/A
 Dragon Form              Tmut           Unusable     N/A         7    N/A
 Borgnjor's Revivificati  Necr           Unusable     N/A         8    N/A
 Death's Door             Chrm/Necr      Unusable     N/A         8    N/A
 Necromutation            Tmut/Necr      Unusable     N/A         8    N/A

Dungeon Overview and Level Annotations

Branches:
Dungeon (15/15)            Temple (1/1) D:4            Lair (6/6) D:10
  Swamp (4/4) Lair:4       Spider (4/4) Lair:2        Slime (5/5) Lair:6
    Orc (2/2) D:12            Elf (3/3) Orc:2        Vaults (5/5) D:14
  Crypt (3/3) Vaults:2       Tomb (3/3) Crypt:3      Depths (5/5) D:15
   Hell (1/1)                 Dis (7/7) Hell            Geh (7/7) Hell
    Coc (7/7) Hell            Tar (7/7) Hell            Zot (5/5) Depths:5

Altars:
Ashenzari
Cheibriados
Dithmenos
Elyvilon
Fedhas
Gozag
Hepliaklqana
Kikubaaqudgha
Makhleb
Nemelex Xobeh
Okawaru
Qazlal
Ru
Sif Muna
Trog
Uskayaw
Vehumet
Wu Jian
Xom
Yredelemnul
Zin
The Shining One
Beogh
Jiyva

Shops:
D:7 :   Orc:2 (*=[   Vaults:4 ?   Depths:5 =}=}

Portals:
Hell: Depths:1 Depths:2 Depths:3 Depths:4 Depths:5
Abyss: Depths:2 Depths:4
Pandemonium: Depths:3

Annotations:
D:3 1 runed door, matthes123's ghost, amateur GnWn
Spider:1 exclusion: downstairs


Innate Abilities, Weirdness & Mutations

Your body is rotting away.
You thrive on raw meat.
You are immune to poison.
You have sharp fingernails.
You are carnivorous and can eat meat at any time.
Your flesh is cold resistant. (rC+)
You are immune to negative energy. (rN+++)
You do not regenerate when monsters are visible.
You are immune to unholy pain and torment.
You can survive without breathing.


Message History

You riposte.
You hit the golden dragon but do no damage.
The golden dragon is heavily wounded.
You block the golden dragon's attack.
The golden dragon tramples you but does no damage.
The golden dragon bites you!!
* * * LOW HITPOINT WARNING * * *
The golden dragon claws you!
* * * LOW HITPOINT WARNING * * *
The golden dragon tramples you!
* * * LOW HITPOINT WARNING * * *
You hold your ground!
You hear a screech!
You slice the titan!! You freeze the titan.
You kill the titan!
Makhleb accepts your kill.
The spark wasp changes into a ghost moth!
The ancient lich gestures at you while chanting.
The crystal spear hits you!
You die...

▓.. ▓▓....(...
▓▓.........
▓▓..........
▓▓...........
▓▓............
▓▓.....cCLt.....
▓.∩...†pDoSy.C...
▓▓....)@LDoD.....
▓▓...CpDpps..y..
▓▓...pC.p..D(..
▓▓..C..C...(..
▓▓...........
▓▓..........
▓▓.........
▓▓........
▓▓.......


You could see 4 titans, 3 golden dragons, 2 ancient liches, an ice dragon, 2
stone giants, 2 vault wardens, a ghost moth shaped shifter (invisible), a swamp
dragon shaped shifter, 2 orc knights, an anaconda shaped shifter, a snapping
turtle shaped shifter, 2 vault sentinels, an ironbrand convoker, a yaktaur, a
necromancer, a hornet and a redback shaped shifter.

Vanquished Creatures
  Cerebov (Pan)
  Asmodeus (Geh:7)
  Antaeus (Coc:7)
  the Royal Jelly (Slime:5)
  Ereshkigal (Tar:7)
  Gloorx Vloq (Pan)
  Lom Lobon (Pan)
  the Serpent of Hell (Dis:7)
  Mnoleg (Pan)
  Dispater (Dis:7)
  14 ancient liches
  Khufu (Crypt:1)
  Mennas (Pan)
  11 orbs of fire
  12 juggernauts
  53 greater mummies
  Margery (Vaults:5)
  13 shard shrikes
  2 caustic shrikes
  14 Killer Klowns
  Geryon (Hell)
  19 golden dragons
  3 profane servitors
  12 bone dragons
  33 Tzitzimimeh
  33 Brimstone Fiends
  6 electric golems
  5 doom hounds
  16 iron giants
  39 pandemonium lords
  27 Hell Sentinels
  12 liches
  2 hellephants
  18 tentacled monstrosities
  33 Ice Fiends
  2 quicksilver dragons (shapeshifter) (Zig:26)
  Asterion (Elf:3)
  25 Orb Guardians (Zot:5)
  6 eldritch tentacles
  7 deep elf master archers
  19 deep elf blademasters
  8 quicksilver dragons
  39 titans
  9 death cobs
  32 Executioners
  21 ancient champions
  47 acid blobs
  5 thorn hunters
  The ghost of marthius the Warrior, an adept HOFi of the Shining One (Swamp:2)
  19 sphinxes
  19 tentacled starspawn
  20 storm dragons
  18 shadow dragons
  6 tengu reavers
  7 revenants
  36 azure jellies
  Donald (Crypt:1)
  7 draconian monks
  A shadow dragon (shapeshifter) (Zig:6)
  2 daevas
  30 fire giants
  12 deep elf sorcerers
  11 orc warlords
  38 frost giants
  3 draconian knights
  57 balrugs
  15 iron dragons
  15 ghost moths
  A frost giant (shapeshifter) (Zig:26)
  2 caustic shrike zombies
  7 draconian scorchers
  2 ghouls (Crypt:1)
  An emperor scorpion (shapeshifter) (Vaults:1)
  16 vault wardens
  24 black suns (Pan)
  3 curse skulls
  Louise (Elf:2)
  24 warmongers
  An angel (Abyss:3)
  2 juggernaut zombies
  51 cacodemons
  8 deep elf elementalists
  3 spriggan defenders (Depths:4)
  5 emperor scorpions
  6 draconian shifters
  A caustic shrike skeleton (Zig:22)
  20 war gargoyles
  8 draconian annihilators
  135 large abominations
  28 blood saints
  2 draconian stormcallers
  105 reapers
  42 very ugly things
  7 entropy weavers
  17 ironheart preservers
  An ophan (Abyss:4)
  29 stone giants
  The ghost of Vuss the Cleaver, a journeyman DDFi of Makhleb (Lair:5)
  11 vampire knights
  20 bennus
  25 corrupters
  14 green draconians
  Azrael (D:14)
  A spark wasp (shapeshifter) (Vaults:3)
  19 lorocyprocas
  10 purple draconians
  12 deep elf demonologists
  19 deep elf annihilators
  A minotaur (Lab)
  10 yellow draconians
  8 white draconians
  14 black draconians
  14 red draconians
  23 spark wasps
  2 dire elephants
  5 eidola
  13 ettins
  2 quicksilver dragon zombies
  26 green deaths
  16 deep elf death magi
  13 fire dragons
  A crystal guardian (Vaults:4)
  60 blizzard demons
  23 death oozes
  Snorg (Lair:6)
  36 mummy priests
  2 spectral krakens (Tar:7)
  7 jiangshi
  25 yaktaur captains
  18 ogre magi
  25 great orbs of eyes
  Josephine (D:10)
  6 deep elf high priests
  A caustic shrike simulacrum (Zig:25)
  A kraken zombie (Coc:1)
  12 monstrous demonspawn (Pan)
  70 small abominations
  14 rakshasas
  32 vault guards
  4 catoblepae
  5 hell beasts (Pan)
  20 hydras
  Erica (D:10)
  2 juggernaut simulacra (Pan)
  Harold (Orc:1)
  2 ghost crabs
  A catoblepas (shapeshifter) (Zig:23)
  7 centaur warriors
  21 ice dragons
  3 death knights
  7 alligators
  11 spriggan air magi
  45 two-headed ogres
  30 dancing weapons
  9 death yaks (Lair:6)
  92 death scarabs
  7 deep troll earth magi
  16 deep troll shamans
  8 vampire magi
  A tengu warrior (Depths:1)
  12 hell hogs
  9 spriggan berserkers
  44 thrashing horrors
  8 storm dragon zombies
  13 titan zombies
  28 deep elf knights
  11 orc high priests
  Sonja (Lair:6)
  8 shock serpents
  3 titan skeletons
  A salamander mystic (Zig:3)
  118 sun demons
  10 iron trolls
  105 soul eaters
  46 hell knights
  12 shadow wraiths
  12 storm dragon skeletons
  A fire crab (Geh:6)
  59 sixfirhies
  118 skeletal warriors
  16 glowing orange brains
  2 spark wasp zombies (Zig:7)
  10 spatial maelstroms
  28 wretched stars
  2 deep trolls (shapeshifter)
  43 shadow demons
  10 golden dragon zombies
  16 swamp dragons
  19 anaconda zombies
  2 spriggan druids
  3 kraken simulacra (Coc:7)
  An unseen horror (shapeshifter) (Zig:5)
  5 unseen horrors
  27 deep trolls
  2 ghost moth zombies
  27 torturous demonspawn (Pan)
  5 tengu zombies
  An obsidian statue (Depths:1)
  9 golden dragon skeletons
  27 ironbrand convokers
  9 wizards
  7 shadow dragon zombies
  18 flayed ghosts
  17 infernal demonspawn (Pan)
  2 orange crystal statues
  29 deep elf archers
  31 gelid demonspawn (Pan)
  4 sphinx zombies
  5 shambling mangroves
  18 orc knights
  22 phantasmal warriors
  A lindwurm (shapeshifter) (Vaults:1)
  2 tengu skeletons
  47 wolf spiders
  24 necromancers
  14 orc sorcerers
  7 fire giant zombies
  3 anaconda skeletons
  18 harpies
  A harpy (shapeshifter) (D:15)
  3 wolf spider zombies
  81 deep elf magi
  A mana viper (shapeshifter) (Zig:10)
  A faun (shapeshifter) (D:14)
  6 frost giant zombies
  30 orb spiders
  11 worldbinders
  13 oklob plants
  43 ugly things
  A cyclops (shapeshifter) (Abyss:4)
  7 iron dragon zombies
  3 stone giant zombies (Dis:7)
  10 shadow dragon skeletons
  13 shining eyes
  2 cyclopes
  A shock serpent zombie (Dis:2)
  18 vault sentinels
  6 centaur zombies
  23 moths of wrath
  3 sphinx skeletons
  3 fire giant skeletons
  3 manticores
  A manticore (shapeshifter) (Zig:6)
  5 black mambas
  14 apocalypse crabs
  9 stone giant skeletons
  A black mamba (shapeshifter) (Depths:4)
  5 dire elephant zombies
  10 frost giant skeletons
  50 rust devils
  10 titan simulacra
  7 ice statues
  Psyche (D:11)
  15 spiny frogs
  9 eyes of devastation
  Joseph (D:8)
  A water nymph (Abyss:4)
  10 molten gargoyles
  3 gargoyles
  A naga mage (D:15)
  8 iron dragon skeletons
  2 guardian serpents (shapeshifter)
  2 storm dragon simulacra (Coc:7)
  110 smoke demons
  A rime drake (Lair:1)
  4 torpor snails
  21 freezing wraiths
  11 elf zombies
  A shock serpent skeleton (Geh:4)
  35 yaktaurs
  69 hellions
  A sea snake zombie (Crypt:2)
  2 minotaur zombies
  61 orange demons
  5 dire elephant skeletons
  A catoblepas zombie (Crypt:3)
  49 tormentors
  12 komodo dragons
  6 spectral swamp worms (Tar:7)
  16 efreet
  52 ice devils
  A green draconian skeleton (Crypt:3)
  32 hellwings
  3 emperor scorpion zombies
  6 hydra zombies
  A tengu conjurer (Depths:3)
  8 trolls
  64 demonic crawlers
  3 anaconda simulacra (Coc:7)
  A harpy zombie (Tar:6)
  62 guardian mummies
  67 red devils
  25 ancient zymes
  49 jumping spiders
  A red draconian skeleton (Tar:3)
  A death drake zombie (Crypt:2)
  5 silent spectres
  A jumping spider (shapeshifter) (Zig:26)
  3 meliai (D:14)
  2 queen bees (shapeshifter)
  A polar bear (shapeshifter) (Zig:10)
  2 polar bears (Zig:8)
  A shadow dragon simulacrum (Zig:25)
  33 hornets
  A blink frog (shapeshifter) (Vaults:3)
  4 hydra skeletons
  57 raiju
  16 hippogriffs
  7 tyrant leeches
  4 fire dragon zombies
  8 bog bodies
  A harpy skeleton (Crypt:2)
  6 ice dragon zombies
  179 slime creatures
  22 blink frogs
  6 ettin zombies
  A hippogriff (shapeshifter) (Elf:1)
  2 dream sheep
  7 alligator zombies
  96 redbacks
  7 ettin skeletons
  118 flying skulls
  2 wyverns (shapeshifter)
  130 starcursed masses
  16 spriggans
  4 vampires
  2 alligator skeletons
  36 shadows
  49 wraiths
  6 ice dragon skeletons
  2 redbacks (shapeshifter) (Zig:27)
  A tarantella (shapeshifter) (Zig:27)
  8 wyverns
  13 ushabtiu
  4 fire dragon skeletons
  75 yaks
  13 fire bats
  A spriggan (shapeshifter) (Depths:5)
  77 ynoxinuls
  Eustachio (D:6)
  8 air elementals
  A black mamba skeleton (Coc:6)
  27 water elementals
  44 tarantellas
  3 basilisks
  17 golden eyes
  A hog (shapeshifter) (Vaults:5)
  26 fire elementals
  68 chaos spawn
  24 vampire mosquitoes
  A human simulacrum (Vaults:2)
  58 neqoxecs
  A torturous demonspawn zombie (Crypt:2)
  Menkaure (D:5)
  A faun zombie (Crypt:2)
  16 insubstantial wisps
  12 spatial vortices
  11 hungry ghosts
  9 wargs
  A soldier ant (D:10)
  An infernal demonspawn zombie (Dis:2)
  15 swamp worms
  13 water moccasins
  4 hydra simulacra
  3 acid dragons
  A water moccasin (shapeshifter) (Zig:26)
  7 spiny frog zombies
  A floating eye (shapeshifter) (Zig:27)
  6 floating eyes
  93 hell hounds
  17 porcupines
  A sky beast (D:5)
  55 orc warriors
  3 spiny frog skeletons
  17 ice beasts
  15 swamp drakes
  5 snapping turtle zombies
  4 manticore zombies
  A black mamba simulacrum (Coc:3)
  23 eyes of draining
  An eye of draining (shapeshifter) (Abyss:2)
  12 phantoms
  37 ogres
  7 boggarts
  An ettin simulacrum (Coc:2)
  3 swamp dragon zombies
  24 necrophages
  2 manticore skeletons
  9 wolves
  A centaur (shapeshifter) (D:14)
  10 centaurs
  20 crocodiles
  A swamp dragon skeleton (Crypt:3)
  3 snapping turtle skeletons
  14 big kobolds
  Blork the orc (Orc:2)
  6 earth elementals
  19 bullfrogs
  2 komodo dragon skeletons
  A wyvern zombie (D:13)
  9 elf skeletons
  A wyvern skeleton (D:13)
  5 spriggan zombies
  A hornet simulacrum (D:14)
  10 scorpions
  12 killer bees
  5 spriggan skeletons
  A polar bear skeleton (Crypt:1)
  57 wights
  2 electric eels
  5 lava snakes (Volcano)
  3 bullfrog zombies
  5 howler monkeys
  A wolf skeleton (Crypt:1)
  20 crimson imps
  A human zombie (Coc:3)
  4 quasits
  3 jellies
  18 orc priests
  A soldier ant zombie (Crypt:2)
  5 hounds
  5 centaur skeletons
  32 iron imps
  4 bullfrog skeletons
  2 human skeletons
  A black bear skeleton (Crypt:1)
  5 iguanas
  27 orc wizards
  A demonspawn skeleton (Crypt:1)
  A lightning spire (Zig:7)
  17 worker ants
  An ogre skeleton (Lab)
  2 hound zombies
  A naga skeleton (Coc:7)
  85 mummies
  A howler monkey skeleton (Crypt:1)
  2 worker ant zombies
  3 gnolls
  9 adders
  14 shadow imps
  22 white imps
  11 ufetubi
  An ooze (D:4)
  An adder skeleton (D:8)
  2 adder zombies
  A halfling skeleton (Crypt:1)
  5 worms
  3 dart slugs
  5 leopard geckos
  77 orcs
  11 bats
  9 giant cockroaches
  9 goblins
  6 hobgoblins
  25 jackals
  10 quokkas
  A ball python (D:4)
  6 frilled lizards
  30 kobolds
  3 orc skeletons
  6 rats
  2 briar patches (Swamp:4)
  2 butterflies
  A fire vortex (Geh:3)
  3 plants (Lair:6)
  15 starspawn tentacles
  9 tentacles
7248 creatures vanquished.

Vanquished Creatures (others)
  An electric golem (Zig:20)
  A lich (Crypt:3)
  A tentacled monstrosity (Zot:4)
  3 deep elf master archers
  A titan (Abyss:4)
  3 ancient champions (Tomb:2)
  3 eldritch tentacles
  A revenant (Tomb:2)
  A frost giant (Coc:1)
  A draconian knight (Zot:4)
  A war gargoyle (Zig:12)
  An ironheart preserver (Zig:12)
  A stone giant (Vaults:4)
  A lorocyproca (Pan)
  A red draconian (Zot:5)
  A blizzard demon (Coc:7)
  6 yaktaur captains
  3 spriggan air magi (Zig:20)
  A dancing weapon (Zig:23)
  A satyr (Abyss:4)
  6 death scarabs (Tomb:3)
  2 shock serpents (Zig:20)
  A titan zombie (Tomb:2)
  A thrashing horror (Abyss:1)
  5 deep elf knights
  A wretched star (Abyss:1)
  2 skeletal warriors (Tomb:2)
  A small abomination (Zig:23)
  A sixfirhy (Abyss:1)
  A shadow wraith (Zig:27)
  A deep elf archer (Zig:23)
  A necromancer (Geh:2)
  A harpy (Vaults:3)
  4 orb spiders
  A mana viper (shapeshifter) (Elf:2)
  A deep elf mage (Zig:23)
  A moth of wrath (Zot:5)
  A stone giant skeleton (Geh:7)
  A vault sentinel (Vaults:5)
  A hellwing (Pan)
  A tormentor (Zig:24)
  15 yaktaurs
  A guardian mummy (Tomb:2)
  A jumping spider (Zig:19)
  2 large abominations
  A slime creature (D:14)
  3 raiju (Zig:20)
  A redback (Spider:3)
  2 shadows
  7 flying skulls
  A golden eye (Abyss:2)
  A chaos spawn (Pan)
  A neqoxec (Abyss:4)
  6 insubstantial wisps (Zig:20)
  A boggart (Vaults:1)
  An ogre (Vaults:4)
  2 centaurs (Vaults:3)
  3 starcursed masses (Abyss:1)
  2 iron imps
  2 mummies (Tomb:2)
  A white imp (Zig:22)
  2 briar patches (Abyss:4)
  2 crawling corpses (Zig:23)
  2 demonic plants (Pan)
  4 fungi
  6 lurking horrors
  26 plants
  43 starspawn tentacles
  26 tentacles
233 creatures vanquished.

Grand Total: 7481 creatures vanquished

Notes
Turn   | Place    | Note
-------+----------+-------------------------------------------
     0 | D:1      | Flaz the Ghoul Fighter began the quest for the Orb.
     0 | D:1      | Reached XP level 1. HP: 19/19 MP: 0/0
   191 | D:1      | Reached XP level 2. HP: 26/26 MP: 1/1
   348 | D:1      | Reached skill level 1 in Stealth
   652 | D:2      | Reached XP level 3. HP: 28/31 MP: 2/2
   826 | D:2      | Reached skill level 1 in Throwing
   929 | D:2      | Reached XP level 4. HP: 33/39 MP: 3/3
  1544 | D:3      | Found a hide-covered altar of Uskayaw.
  1723 | D:3      | Found a runed door.
  1729 | D:3      | Noticed matthes123's ghost (amateur GnWn)
  1830 | D:3      | Reached XP level 5. HP: 44/46 MP: 4/4
  2427 | D:4      | Found a shadowy altar of Dithmenos.
  2434 | D:4      | Found an iron altar of Okawaru.
  2441 | D:4      | Became a worshipper of Warmaster Okawaru
  2587 | D:4      | Found a staircase to the Ecumenical Temple.
  2637 | Temple   | Entered the Ecumenical Temple
  2987 | D:4      | Reached XP level 6. HP: 52/52 MP: 5/5
  3085 | D:5      | Entered Level 5 of the Dungeon
  3318 | D:5      | Found a bloodstained altar of Trog.
  3412 | D:5      | Got a pair of slimy boots
  3418 | D:5      | Identified the +0 pair of boots of the Duke {MR+ Str+2}
                  | (You found it on level 5 of the Dungeon)
  3517 | D:5      | Found a basalt altar of Yredelemnul.
  3600 | D:5      | Found a white marble altar of Elyvilon.
  3715 | D:6      | Noticed Menkaure
  3729 | D:5      | Killed Menkaure
  3729 | D:5      | Reached * piety under Okawaru
  3729 | D:5      | Reached XP level 7. HP: 59/59 MP: 6/6
  3812 | D:5      | Reached skill level 5 in Short Blades
  4017 | D:6      | Reached XP level 8. HP: 34/65 MP: 7/7
  4100 | D:5      | Reached ** piety under Okawaru
  4363 | D:6      | Noticed Eustachio
  4489 | D:6      | Found a glowing golden altar of the Shining One.
  4522 | D:6      | Killed Eustachio
  4522 | D:6      | Reached skill level 5 in Shields
  4685 | D:6      | Reached XP level 9. HP: 53/70 MP: 8/8
  5130 | D:7      | Noticed a hornet
  5203 | D:7      | Reached *** piety under Okawaru
  5214 | D:7      | Killed a hornet
  5234 | D:7      | Reached skill level 5 in Stealth
  5269 | D:7      | Reached skill level 1 in Invocations
  5524 | D:7      | Reached skill level 1 in Evocations
  5951 | D:7      | Found Cayt's Book Boutique.
  6332 | D:7      | Reached **** piety under Okawaru
  6356 | D:8      | Reached XP level 10. HP: 72/78 MP: 10/10
  6378 | D:8      | Noticed a two-headed ogre
  6402 | D:8      | Killed a two-headed ogre
  6402 | D:8      | Reached skill level 10 in Short Blades
  6484 | D:8      | Reached skill level 1 in Long Blades
  6573 | D:8      | Found an opulent altar of Gozag.
  6666 | D:8      | Noticed Joseph
  6710 | D:8      | Killed Joseph
  6710 | D:8      | Received a gift from Okawaru
  6956 | D:8      | Found a snail-covered altar of Cheibriados.
  6965 | D:8      | Noticed a two-headed ogre
  7019 | D:8      | Killed a two-headed ogre
  7019 | D:8      | Reached skill level 5 in Long Blades
  7159 | D:8      | Found a glowing silver altar of Zin.
  7199 | D:8      | Found a sparkling altar of Nemelex Xobeh.
  7334 | D:8      | Reached ***** piety under Okawaru
  7564 | D:8      | Found a deep blue altar of Sif Muna.
  7773 | D:9      | Found a basalt altar of Yredelemnul.
  7807 | D:9      | Reached XP level 11. HP: 84/84 MP: 11/11
  8201 | D:9      | Found an ancient bone altar of Kikubaaqudgha.
  8482 | D:9      | Got a fine plate armour
  8576 | D:9      | Identified the cursed +1 plate armour of Ykisiace {rPois
                  | MR++ Dex-4} (You found it on level 9 of the Dungeon)
  8613 | D:10     | Entered Level 10 of the Dungeon
  8631 | D:10     | Found a staircase to the Lair.
  9062 | D:10     | Found a runed door.
  9076 | D:10     | Found a runed door.
  9103 | D:10     | Reached skill level 5 in Throwing
  9638 | D:10     | Noticed Josephine
  9657 | D:10     | Killed Josephine
  9668 | D:10     | Reached ****** piety under Okawaru
  9709 | D:10     | Received a gift from Okawaru
  9959 | Lair:1   | Entered Level 1 of the Lair of Beasts
  9995 | Lair:1   | Reached skill level 10 in Stealth
 10207 | Lair:1   | Reached XP level 12. HP: 84/91 MP: 12/12
 10959 | Lair:2   | Found a labyrinth entrance.
 10963 | Lab      | Entered a labyrinth
 10986 | Lab      | Found an exit through the horrors of the Abyss.
 11955 | Lab      | Noticed a minotaur
 11990 | Lab      | Killed a minotaur
 11990 | Lab      | Reached skill level 5 in Fighting
 12006 | Lab      | Got a bloodstained helmet
 12018 | Lab      | Identified the cursed +0 helmet "Dosa" {Dex+2} (You found
                  | it in a labyrinth)
 12168 | Lair:2   | Noticed an eight-headed hydra
 12419 | D:11     | Noticed Erica
 12474 | D:10     | Killed Erica
 12768 | D:11     | Found a sacrificial altar of Ru.
 12769 | D:11     | Noticed Psyche
 12790 | D:11     | Killed Psyche
 12983 | D:11     | Received a gift from Okawaru
 13307 | Lair:2   | Killed an eight-headed hydra
 13624 | Lair:2   | Found a hole to the Spider Nest.
 14191 | Lair:3   | Reached XP level 13. HP: 63/102 MP: 14/14
 14255 | Lair:3   | Reached skill level 10 in Long Blades
 14761 | Lair:3   | Reached skill level 5 in Armour
 15163 | Lair:4   | Found a dark tunnel.
 15198 | Volcano  | Entered a volcano
 15360 | Volcano  | Found a burning altar of Makhleb.
 15361 | Volcano  | Noticed an ogre mage
 15385 | Volcano  | Killed an ogre mage
 16011 | Lair:4   | Found a staircase to the Swamp.
 16020 | Lair:4   | Received a gift from Okawaru
 16666 | Swamp:1  | Entered Level 1 of the Swamp
 16718 | Swamp:1  | Noticed a thorn hunter
 16843 | Lair:4   | Received a gift from Okawaru
 16843 | Lair:4   | Reached XP level 14. HP: 93/110 MP: 16/16
 17204 | Lair:5   | Found a transporter.
 17218 | Lair:5   | Noticed Vuss's ghost (journeyman DDFi)
 17221 | Lair:5   | Found a transporter.
 17308 | Lair:5   | Received a gift from Okawaru
 17954 | Swamp:1  | Killed a thorn hunter
 18449 | Swamp:1  | Received a gift from Okawaru
 18659 | Swamp:1  | Received a gift from Okawaru
 18683 | Swamp:1  | Got a distressingly furry chain mail {god gift}
 18761 | Lair:4   | Identified the +6 chain mail "Noelimat" {Dex+4} (Okawaru
                  | gifted it to you on level 1 of the Swamp)
 19099 | D:12     | Found a staircase to the Orcish Mines.
 19102 | Orc:1    | Entered Level 1 of the Orcish Mines
 19179 | Orc:1    | Noticed Harold
 19187 | Orc:1    | Noticed a stone giant
 19710 | Orc:1    | Killed a stone giant
 19713 | Orc:1    | Killed Harold
 19805 | Orc:2    | Entered Level 2 of the Orcish Mines
 19806 | Orc:2    | Found a staircase to the Elven Halls.
 19807 | Orc:2    | Noticed an orc warlord
 20183 | Orc:1    | You fall through a shaft!
 20183 | Orc:2    | Found a deep blue altar of Sif Muna.
 20374 | Orc:2    | Noticed an orc warlord
 21086 | D:13     | Got a scintillating platinum ring
 21096 | D:12     | Identified the ring "Plog" {MR+ Str-4 Int+4 Dex+3} (You
                  | found it on level 13 of the Dungeon)
 21333 | D:13     | Reached skill level 10 in Armour
 21449 | D:13     | Found a hide-covered altar of Uskayaw.
 21664 | D:13     | Reached XP level 15. HP: 111/121 MP: 17/17
 21966 | Spider:1 | Entered Level 1 of the Spider Nest
 22075 | Spider:1 | Got a polished scythe
 22502 | Lair:2   | Received a gift from Okawaru
 22703 | Spider:1 | Noticed an emperor scorpion
 22735 | Spider:1 | Killed an emperor scorpion
 22759 | Spider:1 | Reached skill level 10 in Fighting
 23077 | Spider:1 | Got a heavily runed scale mail
 23146 | Spider:1 | You fall through a shaft!
 23214 | Spider:1 | Received a gift from Okawaru
 23902 | Spider:2 | Received a gift from Okawaru
 24433 | Spider:2 | Received a gift from Okawaru
 25000 | Spider:2 | Reached XP level 16. HP: 106/145 MP: 18/18
 25048 | Spider:3 | Received a gift from Okawaru
 25459 | Spider:3 | Received a gift from Okawaru
 25461 | Spider:3 | Got a heavily runed ring mail {god gift}
 25503 | Spider:2 | Identified the +5 scale mail of Heilobla {rC+ Regen+ Dex+4}
                  | (You found it on level 1 of the Spider Nest)
 25513 | Spider:2 | Identified the +5 ring mail of Ifuwops {-Cast rC+ Str+2
                  | Int+3} (Okawaru gifted it to you on level 3 of the Spider
                  | Nest)
 25543 | Spider:2 | Identified the +7 scythe of Unaga {venom, rC- rN+ Str+9
                  | Dex+4} (You found it on level 1 of the Spider Nest)
 25993 | Spider:4 | Entered Level 4 of the Spider Nest
 26383 | Spider:4 | Reached skill level 15 in Fighting
 26700 | Spider:4 | Reached skill level 5 in Invocations
 28203 | Spider:4 | Received a gift from Okawaru
 28450 | Spider:4 | Got a gossamer rune of Zot
 29345 | Orc:2    | Paralysed by an orc sorcerer for 6 turns
 29395 | Orc:2    | Noticed Blork the orc
 29410 | Orc:2    | Reached XP level 17. HP: 104/156 MP: 18/19
 29595 | Orc:2    | Killed Blork the orc
 29623 | Orc:2    | Found a roughly hewn altar of Beogh.
 29639 | Orc:2    | Found Oplut's Antique Armour Shop.
 29669 | Orc:2    | Found Deseheygi's General Store.
 29710 | Orc:2    | Found Rounemp's Antique Weapon Shop.
 29960 | Orc:2    | Found Gayl's Jewellery Shop.
 29969 | Orc:2    | Bought a cursed -3 ring of strength for 32 gold pieces
 30007 | Orc:2    | Bought a scroll of amnesia for 45 gold pieces
 30010 | Orc:2    | Bought a scroll of identify for 26 gold pieces
 30011 | Orc:2    | Identified 3 scrolls of acquirement
 30017 | Orc:2    | Got a slimy iron amulet
 30023 | Orc:2    | Identified the amulet "Afemagg" {Spirit rPois Int+4 Dex+4}
                  | (You acquired it on level 2 of the Orcish Mines)
 30025 | Orc:2    | Got a brightly glowing garnet amulet
 30027 | Orc:2    | Identified the amulet of Ucanecag {Faith rN+ MP+9 Str+5}
                  | (You acquired it on level 2 of the Orcish Mines)
 30081 | Orc:2    | Bought a distressingly furry ring mail for 315 gold pieces
 30105 | Orc:2    | Identified the +4 ring mail of Protective Custody {rC- rN+
                  | MP+9 Slay+3} (You bought it in a shop on level 2 of the
                  | Orcish Mines)
 30113 | Orc:2    | Bought a shimmering chain mail for 332 gold pieces
 30119 | Orc:2    | Identified the +7 chain mail of the Circus Animal {rN+++
                  | Int+3 Slay-4} (You bought it in a shop on level 2 of the
                  | Orcish Mines)
 30162 | Orc:2    | Bought a fine dagger for 196 gold pieces
 30162 | Orc:2    | Identified the cursed +1 dagger of Emyatuock {freeze,
                  | *Contam Str+6} (You bought it in a shop on level 2 of the
                  | Orcish Mines)
 30180 | Orc:2    | Bought a smoking plate armour for 980 gold pieces
 30190 | Orc:2    | Identified the +2 plate armour "Ranem" {*Contam MR- rCorr
                  | Dex+7} (You bought it in a shop on level 2 of the Orcish
                  | Mines)
 30837 | Elf:1    | Entered Level 1 of the Elven Halls
 31360 | Elf:1    | Received a gift from Okawaru
 31530 | Elf:1    | Identified Laidd's Grimoire of Conjuration
 31558 | Elf:1    | Paralysed by an orc sorcerer for 7 turns
 31646 | Elf:1    | Reached skill level 10 in Shields
 31914 | Elf:1    | Received a gift from Okawaru
 32416 | Swamp:1  | HP: 6/155 [alligator (7)]
 33425 | Swamp:2  | Found a white marble altar of Elyvilon.
 33466 | Swamp:2  | Got a shimmering robe
 33510 | Swamp:2  | Found a runed door.
 33513 | Swamp:2  | Noticed marthius's ghost (adept HOFi)
 33765 | Swamp:2  | Received a gift from Okawaru
 34471 | Swamp:3  | Received a gift from Okawaru
 34991 | Swamp:4  | Entered Level 4 of the Swamp
 35212 | Swamp:4  | Reached XP level 18. HP: 163/163 MP: 20/20
 35253 | Swamp:4  | Received a gift from Okawaru
 35379 | Swamp:4  | Received a gift from Okawaru
 35858 | Swamp:4  | Received a gift from Okawaru
 36253 | Swamp:4  | Got a decaying rune of Zot
 36700 | Swamp:2  | Identified the cursed +0 robe of Noughts and Crosses
                  | {Dex+3} (You found it on level 2 of the Swamp)
 36779 | Swamp:2  | Killed marthius's ghost
 38029 | Elf:2    | Found a runed gate.
 38030 | Elf:2    | Found a runed gate.
 38032 | Elf:2    | Found a runed gate.
 38302 | Elf:3    | Entered Level 3 of the Elven Halls
 38403 | Elf:3    | Noticed Asterion
 38711 | Lair:6   | Entered Level 6 of the Lair of Beasts
 38754 | Lair:6   | Reached skill level 15 in Shields
 38895 | Lair:6   | Noticed Snorg
 38909 | Lair:6   | Killed Snorg
 39051 | Lair:6   | Noticed Sonja
 39071 | Lair:6   | Killed Sonja
 39084 | Lair:6   | Received a gift from Okawaru
 39132 | Lair:6   | Found a blossoming altar of Fedhas.
 39341 | Lair:6   | Received a gift from Okawaru
 39342 | Lair:6   | Got a pair of polished gloves {god gift}
 39356 | Lair:6   | Identified the +5 pair of gloves of the Manifold Eyes
                  | {*Drain +Blink rPois rF++} (Okawaru gifted it to you on
                  | level 6 of the Lair of Beasts)
 39585 | Lair:6   | Reached XP level 19. HP: 149/172 MP: 21/21
 39692 | Lair:6   | Found a staircase to the Slime Pits.
 41114 | D:14     | Noticed Azrael
 41262 | D:14     | Killed Azrael
 41839 | D:14     | Reached skill level 10 in Throwing
 42126 | D:14     | Found a gate to the Vaults.
 42332 | Vaults:1 | Entered Level 1 of the Vaults
 43128 | Elf:3    | Received a gift from Okawaru
 43344 | Elf:2    | Received a gift from Okawaru
 43538 | Elf:2    | Received a gift from Okawaru
 43665 | Elf:2    | Received a gift from Okawaru
 43671 | Elf:2    | Got bloodstained pearl dragon scales {god gift}
 43675 | Elf:2    | Noticed Louise
 43713 | Elf:2    | Killed Louise
 43779 | Elf:2    | Identified the +8 pearl dragon scales of Optimism {rElec
                  | rN+ rCorr MP+9 Slay-3} (Okawaru gifted it to you on level 2
                  | of the Elven Halls)
 44454 | Elf:3    | Killed Asterion
 44461 | Elf:3    | Got a clouded brass ring
 44606 | Elf:3    | Got a flickering turquoise ring
 44608 | Elf:3    | Identified the ring "Qoubuw" {*Tele rF- rN+ Str+5} (You
                  | took it off a deep elf mage on level 3 of the Elven Halls)
 44659 | Elf:2    | Identified the ring of Letooq {rElec Str+4 Int+2} (You took
                  | it off Asterion on level 3 of the Elven Halls)
 44879 | Elf:3    | Received a gift from Okawaru
 44960 | Elf:2    | Received a gift from Okawaru
 45015 | Elf:3    | Reached XP level 20. HP: 171/179 MP: 22/22
 45169 | Elf:3    | Got a heavily runed ring mail
 45184 | Elf:3    | Got a clouded emerald amulet
 45201 | Elf:2    | Identified the cursed +0 ring mail of Action {rPois rF+++
                  | Str-5 Stlth+} (You took it off a deep elf blademaster on
                  | level 3 of the Elven Halls)
 45332 | Elf:2    | Received a gift from Okawaru
 45456 | Elf:3    | Received a gift from Okawaru
 46186 | Elf:3    | Identified the Incunabulum of Enhancements and the
                  | Snowflakes
 46218 | Elf:3    | Identified Ukath's Tome of Companions and Snow
 46226 | Elf:3    | Identified the Compendium of the Glacier
 47160 | D:15     | Entered Level 15 of the Dungeon
 47660 | Lair:1   | Identified the amulet of Nidd {Faith rPois rC++ Int+3
                  | Stlth+} (You took it off a deep elf mage on level 3 of the
                  | Elven Halls)
 48107 | Vaults:1 | Got an ancient war axe
 48256 | Vaults:1 | Received a gift from Okawaru
 48259 | Vaults:1 | Identified the cursed +1 war axe "Eciofe" {chop, *Slow
                  | rElec rF+ rN+} (You found it on level 1 of the Vaults)
 49447 | Vaults:1 | Got a jewelled long sword
 49469 | Vaults:1 | Identified the +10 long sword of Lezoraap {venom, Str+4
                  | Dex+4} (You found it on level 1 of the Vaults)
 50740 | Vaults:2 | Received a gift from Okawaru
 51377 | Vaults:2 | Found a staircase to the Crypt.
 51413 | Vaults:2 | Reached XP level 21. HP: 158/187 MP: 23/23
 51465 | Vaults:2 | Received a gift from Okawaru
 51615 | Vaults:2 | Received a gift from Okawaru
 51845 | Vaults:2 | Received a gift from Okawaru
 51875 | Vaults:2 | Received a gift from Okawaru
 51882 | Vaults:2 | Got a pair of brightly glowing gloves {god gift}
 51901 | Vaults:2 | Identified the -2 pair of gloves of the Furies {rElec rN+
                  | Dex-3 SInv} (Okawaru gifted it to you on level 2 of the
                  | Vaults)
 52434 | Crypt:1  | Entered Level 1 of the Crypt
 52698 | Crypt:1  | Noticed Donald
 52700 | Crypt:1  | Noticed a greater mummy
 52722 | Crypt:1  | Killed Donald
 52733 | Crypt:1  | Noticed Khufu
 52743 | Crypt:1  | Killed a greater mummy
 52757 | Crypt:1  | Noticed a greater mummy
 52783 | Crypt:1  | Killed Khufu
 53401 | Crypt:1  | Found an ancient bone altar of Kikubaaqudgha.
 53639 | Crypt:1  | Killed a greater mummy
 53639 | Crypt:1  | Received a gift from Okawaru
 54023 | Crypt:2  | Received a gift from Okawaru
 54024 | Crypt:2  | Got a shimmering rapier {god gift}
 54025 | Crypt:2  | Identified the +1 rapier of Karma {distort, +Blink rC+
                  | Str+3} (Okawaru gifted it to you on level 2 of the Crypt)
 55386 | Crypt:2  | Received a gift from Okawaru
 55785 | Crypt:3  | Entered Level 3 of the Crypt
 55797 | Crypt:3  | Paralysed by a vampire knight for 3 turns
 55813 | Crypt:2  | Reached skill level 15 in Throwing
 56045 | Crypt:2  | Reached XP level 22. HP: 180/194 MP: 24/24
 57745 | Crypt:3  | Received a gift from Okawaru
 58250 | Crypt:3  | Found the +4 dagger "Morg" {pain, MR+ Int+5}
 58257 | Crypt:3  | Found the +10 large shield of Ignorance {rN+ Int-4}
 58283 | Crypt:3  | Received a gift from Okawaru
 58471 | Crypt:3  | Found a staircase to the Tomb.
 58476 | Tomb:1   | Entered Level 1 of the Tomb of the Ancients
 58530 | Crypt:3  | Noticed an ancient lich
 58540 | Crypt:3  | Noticed an ancient lich
 58540 | Crypt:3  | Noticed an ancient lich
 58621 | Crypt:3  | Killed an ancient lich
 58629 | Crypt:3  | Killed an ancient lich
 58723 | Crypt:3  | Killed an ancient lich
 58728 | Crypt:3  | Identified the Papyrus of Attacks and Companions
 59980 | Tomb:1   | Noticed a greater mummy
 59980 | Tomb:1   | Noticed a greater mummy
 59980 | Tomb:1   | Noticed a greater mummy
 60243 | Tomb:1   | Noticed a greater mummy
 60243 | Tomb:1   | Noticed a greater mummy
 60247 | Tomb:1   | Noticed a greater mummy
 60248 | Tomb:1   | Noticed a greater mummy
 60265 | Tomb:1   | Killed a greater mummy
 60268 | Tomb:1   | Noticed a greater mummy
 60289 | Tomb:1   | Killed a greater mummy
 60312 | Tomb:1   | Killed a greater mummy
 60312 | Tomb:1   | Received a gift from Okawaru
 60340 | Tomb:1   | Killed a greater mummy
 60399 | Tomb:1   | Reached XP level 23. HP: 64/204 MP: 7/27
 60432 | Tomb:1   | Killed a greater mummy
 60867 | Tomb:1   | Noticed a greater mummy
 60906 | Tomb:1   | Killed a greater mummy
 60956 | Tomb:1   | Noticed a greater mummy
 60994 | Tomb:1   | Killed a greater mummy
 61421 | Tomb:1   | Noticed a greater mummy
 61463 | Tomb:1   | Killed a greater mummy
 61700 | Tomb:2   | Noticed a greater mummy
 61701 | Tomb:2   | Noticed a greater mummy
 61704 | Tomb:2   | Noticed a greater mummy
 61705 | Tomb:2   | Noticed a greater mummy
 61708 | Tomb:2   | Noticed a greater mummy
 62715 | Tomb:1   | Received a gift from Okawaru
 62749 | Tomb:1   | Noticed a greater mummy
 62765 | Tomb:1   | Killed a greater mummy
 62909 | Tomb:2   | HP: 3/206 [bennu (17)]
 62911 | Tomb:2   | HP: 1/206 [bennu (3)]
 63014 | Tomb:1   | Noticed a greater mummy
 63595 | Tomb:1   | Killed a greater mummy
 63595 | Tomb:1   | Received a gift from Okawaru
 63595 | Tomb:1   | Received a gift from Okawaru
 65631 | Vaults:3 | Received a gift from Okawaru
 65778 | Vaults:3 | Reached XP level 24. HP: 203/216 MP: 28/28
 65948 | Vaults:4 | Received a gift from Okawaru
 66213 | Vaults:4 | Found Bienorr's Magic Scroll Shop.
 66253 | Vaults:4 | Reached skill level 15 in Long Blades
 67080 | Vaults:4 | Bought a scroll of acquirement for 676 gold pieces
 67284 | Vaults:4 | Received a gift from Okawaru
 68137 | Vaults:5 | Entered Level 5 of the Vaults
 68148 | Vaults:4 | Reached skill level 15 in Armour
 68792 | Vaults:4 | Reached XP level 25. HP: 213/224 MP: 28/28
 69064 | Vaults:4 | Received a gift from Okawaru
 69195 | Vaults:4 | Received a gift from Okawaru
 69436 | Vaults:5 | Got a spiked leather armour
 69523 | Vaults:5 | Got a smelly plate armour
 69621 | Vaults:5 | Received a gift from Okawaru
 69623 | Vaults:5 | Got a distressingly furry shield {god gift}
 69629 | Vaults:5 | Got a silver rune of Zot
 69685 | Vaults:5 | Noticed Margery
 69695 | Vaults:5 | Killed Margery
 69888 | Vaults:4 | Identified the +4 shield of the Eagle {*Drain rC+ rN+++
                  | SInv} (Okawaru gifted it to you on level 5 of the Vaults)
 69955 | Vaults:4 | Identified the +10 plate armour of Servitude {Str+3 Int+3}
                  | (You found it on level 5 of the Vaults)
 70228 | Vaults:5 | Got a transparent great mace
 70276 | Vaults:5 | Identified the +6 great mace "Orb Guardian's Bane" {crush,
                  | +Blink rPois Str+4 Dex+2} (You found it on level 5 of the
                  | Vaults)
 70301 | Vaults:5 | Got a vibrating amethyst amulet
 70302 | Vaults:5 | Identified the amulet "Yrchoink" {RegenMP *Drain +Blink
                  | Slay+3} (You acquired it on level 5 of the Vaults)
 70834 | Vaults:5 | Got a bound ivory amulet
 70835 | Vaults:5 | Identified the amulet "Homuehe" {Spirit rElec rC+ Str+4
                  | Int+4 Dex+4} (You acquired it on level 5 of the Vaults)
 71070 | Vaults:5 | Identified the +1 leather armour "Loitare" {rF++ rCorr
                  | Str+9 Int-2} (You took it off a deep elf high priest on
                  | level 5 of the Vaults)
 71078 | Vaults:5 | Got a bloodstained robe
 71084 | Vaults:5 | Identified the cursed +1 robe of Xagid {-Cast rPois rC+}
                  | (You took it off a yaktaur on level 5 of the Vaults)
 71389 | Vaults:4 | Bought a scroll of remove curse for 39 gold pieces
 71389 | Vaults:4 | Bought a scroll of fog for 26 gold pieces
 71389 | Vaults:4 | Bought a scroll of enchant armour for 97 gold pieces
 71389 | Vaults:4 | Bought a scroll of identify for 26 gold pieces
 71389 | Vaults:4 | Bought a scroll of teleportation for 39 gold pieces
 71389 | Vaults:4 | Bought a scroll of fog for 26 gold pieces
 71389 | Vaults:4 | Bought a scroll of enchant armour for 97 gold pieces
 71923 | D:15     | Found a staircase to the Depths.
 71935 | Depths:1 | Entered Level 1 of the Depths
 72004 | Depths:1 | Found a gateway to Hell.
 72247 | Depths:1 | Received a gift from Okawaru
 72330 | Depths:1 | Found a portal to a secret trove of treasure.
 72507 | Depths:1 | Reached XP level 26. HP: 155/239 MP: 28/28
 72511 | Depths:1 | Received a gift from Okawaru
 72809 | Depths:1 | Got an uncursed crude falchion {venom}
 72811 | Depths:1 | Identified the +7 falchion of Fundamental Breach {venom,
                  | Int+4 Dex+2} (You took it off a yaktaur captain on level 1
                  | of the Depths)
 72875 | Depths:1 | Found the +3 robe of Clouds {+Fly rElec}
 73434 | Depths:2 | Found a gateway to a ziggurat.
 73484 | Depths:2 | Found a one-way gate to the infinite horrors of the Abyss.
 73506 | Depths:2 | Got a heavily runed diamond amulet
 73700 | Depths:2 | Found a magical portal.
 73702 | Depths:2 | Identified the amulet of Vuthrale {Spirit MR+ SInv} (You
                  | found it on level 2 of the Depths)
 73723 | WizLab   | Entered Wucad Mu's Monastery
 73925 | WizLab   | Found the +9 staff of Wucad Mu {channel}
 75822 | Depths:4 | Received a gift from Okawaru
 76423 | Depths:4 | Reached XP level 27. HP: 246/246 MP: 28/28
 76424 | Depths:4 | Got an ancient mace
 76425 | Depths:4 | Identified the +6 mace of Desperation {vamp, rPois rF+ rC+}
                  | (You found it on level 4 of the Depths)
 76446 | Depths:4 | Got a pitted war axe
 76447 | Depths:4 | Identified the +11 war axe "Faoval" {flame, rElec Int+5}
                  | (You found it on level 4 of the Depths)
 76706 | Depths:4 | Got a pair of jewelled boots
 76717 | Depths:4 | Identified the +0 pair of boots of Negligence {rF+ rC+}
                  | (You found it on level 4 of the Depths)
 77031 | Depths:5 | Entered Level 5 of the Depths
 77209 | Depths:4 | Received a gift from Okawaru
 77245 | Depths:4 | Reached skill level 5 in Evocations
 77891 | Depths:4 | Received a gift from Okawaru
 78001 | Depths:5 | Got an amethyst-encrusted leather armour
 78017 | Depths:5 | Identified the +3 leather armour of Kolal {rPois Str+3
                  | Dex+4} (You found it on level 5 of the Depths)
 78130 | Depths:5 | Found a gate to the Realm of Zot.
 78166 | Zot:1    | Entered Level 1 of the Realm of Zot
 78195 | Depths:5 | Got a clouded marble ring
 78197 | Depths:5 | Identified the ring of Ton Bule {rPois rC+ MR- Str+5
                  | Slay+6} (You acquired it on level 5 of the Depths)
 79447 | Zot:1    | Noticed an orb of fire
 79478 | Zot:1    | Killed an orb of fire
 80048 | Depths:5 | Found Zaemoc's Jewellery Emporium.
 80160 | Depths:5 | Found Xaikofaq's Gadget Shoppe.
 80160 | Depths:5 | Found Delef's Jewellery Shop.
 80161 | Depths:5 | Found Fucigawn's Gadget Shoppe.
 80433 | Zot:1    | Received a gift from Okawaru
 81376 | Zot:2    | Received a gift from Okawaru
 81667 | Zot:2    | Got a steaming scimitar {god gift}
 82424 | Zot:2    | Received a gift from Okawaru
 82974 | Zot:2    | Received a gift from Okawaru
 83615 | Zot:3    | Received a gift from Okawaru
 85227 | Zot:5    | Entered Level 5 of the Realm of Zot
 85414 | Zot:5    | Noticed an orb of fire
 85439 | Zot:5    | Killed an orb of fire
 85442 | Zot:5    | Received a gift from Okawaru
 85450 | Zot:4    | Identified the +2 scimitar of Vase {protect, +Blink rC+}
                  | (Okawaru gifted it to you on level 2 of the Realm of Zot)
 85851 | Zot:5    | Received a gift from Okawaru
 86092 | Zot:5    | Noticed an ancient lich
 86105 | Zot:5    | Killed an ancient lich
 86124 | Zot:5    | Noticed an orb of fire
 86126 | Zot:5    | Noticed an orb of fire
 86535 | Zot:4    | Killed an orb of fire
 86742 | Zot:5    | Killed an orb of fire
 86814 | Zot:5    | Received a gift from Okawaru
 86815 | Zot:5    | Got a faintly glowing cloak {god gift}
 86904 | Zot:5    | Noticed an ancient lich
 86916 | Zot:5    | Killed an ancient lich
 86952 | Zot:5    | Identified the +1 cloak "Veadus" {rPois Str+5 Dex+3}
                  | (Okawaru gifted it to you on level 5 of the Realm of Zot)
 86969 | Zot:5    | Reached skill level 10 in Evocations
 87058 | Zot:5    | Noticed an ancient lich
 87066 | Zot:5    | Killed an ancient lich
 87076 | Zot:5    | Noticed an orb of fire
 87088 | Zot:5    | Killed an orb of fire
 87105 | Zot:5    | Noticed an ancient lich
 87114 | Zot:5    | Killed an ancient lich
 87423 | Zot:5    | Noticed an orb of fire
 87436 | Zot:5    | Noticed an ancient lich
 87439 | Zot:5    | Noticed an orb of fire
 87441 | Zot:5    | Noticed an orb of fire
 87443 | Zot:5    | Killed an orb of fire
 87462 | Zot:5    | Killed an orb of fire
 87473 | Zot:5    | Killed an ancient lich
 87473 | Zot:5    | Received a gift from Okawaru
 87483 | Zot:5    | Noticed an orb of fire
 87489 | Zot:5    | Killed an orb of fire
 87786 | Zot:5    | Killed an orb of fire
 87971 | Zot:5    | Got a heavily runed plate armour {god gift}
 88177 | Zot:5    | Noticed an orb of fire
 88183 | Zot:5    | Noticed an orb of fire
 88192 | Zot:5    | Killed an orb of fire
 88202 | Zot:5    | Killed an orb of fire
 88886 | Lair:1   | Identified the +0 plate armour of Veebb {Str+7 Int+5
                  | Stlth+} (Okawaru gifted it to you on level 5 of the Realm
                  | of Zot)
 89459 | Slime:1  | Entered Level 1 of the Pits of Slime
 89960 | Slime:1  | Received a gift from Okawaru
 91859 | Depths:3 | Found a large runed door.
 91860 | Depths:3 | Found a large runed door.
 92224 | Depths:3 | Paralysed by a floating eye for 2 turns
 92238 | Depths:3 | Paralysed by a floating eye for 2 turns
 92244 | Depths:3 | Paralysed by a floating eye for 4 turns
 92393 | Depths:3 | Received a gift from Okawaru
 92499 | Depths:3 | Found a one-way gate leading to the halls of Pandemonium.
 93071 | Temple   | Fell from the grace of Okawaru
 93071 | Temple   | Became a worshipper of Makhleb the Destroyer
 93358 | Depths:4 | Voluntarily entered the Abyss.
 93358 | Abyss:1  | Found a corrupted altar of Lugonu.
 93379 | Abyss:1  | Found a corrupted altar of Lugonu.
 93514 | Abyss:1  | Reached * piety under Makhleb
 93961 | Abyss:3  | Reached ** piety under Makhleb
 94158 | Abyss:3  | Found a corrupted altar of Lugonu.
 94213 | Abyss:3  | Found a corrupted altar of Lugonu.
 94282 | Abyss:3  | Reached *** piety under Makhleb
 94881 | Abyss:4  | Reached **** piety under Makhleb
 95115 | Abyss:4  | Got a pitted plate armour
 95288 | Abyss:4  | Reached ***** piety under Makhleb
 95733 | Abyss:4  | Found a shimmering altar of Xom.
 95733 | Abyss:4  | Found a shimmering altar of Xom.
 95734 | Abyss:4  | Found a shimmering altar of Xom.
 95734 | Abyss:4  | Found a shimmering altar of Xom.
 95745 | Abyss:4  | Found a shimmering altar of Xom.
 95745 | Abyss:4  | Found a corrupted altar of Lugonu.
 95745 | Abyss:4  | Found a shimmering altar of Xom.
 95745 | Abyss:4  | Found a shimmering altar of Xom.
 95746 | Abyss:4  | Found a shimmering altar of Xom.
 95746 | Abyss:4  | Found a shimmering altar of Xom.
 95746 | Abyss:4  | Found a shimmering altar of Xom.
 95746 | Abyss:4  | Found a shimmering altar of Xom.
 95746 | Abyss:4  | Found a shimmering altar of Xom.
 95747 | Abyss:4  | Found a shimmering altar of Xom.
 95747 | Abyss:4  | Found a shimmering altar of Xom.
 95820 | Abyss:4  | Found a shimmering altar of Xom.
 95821 | Abyss:4  | Found a shimmering altar of Xom.
 95934 | Abyss:4  | Found an ornate altar of the Wu Jian Council.
 96068 | Abyss:4  | Paralysed by accursed screaming for 1 turns
 96075 | Abyss:4  | Reached ****** piety under Makhleb
 96224 | Abyss:4  | Reached skill level 1 in Dodging
 96332 | Abyss:4  | Found an iron altar of Okawaru.
 96580 | Abyss:4  | Reached skill level 5 in Dodging
 96589 | Abyss:4  | Got an abyssal rune of Zot
 97069 | Depths:4 | Escaped the Abyss
 97071 | Depths:4 | Voluntarily entered the Abyss.
 97077 | Abyss:1  | Noticed an ancient lich
 97082 | Abyss:1  | Paralysed by accursed screaming for 2 turns
 97091 | Abyss:1  | Paralysed by accursed screaming for 2 turns
 97097 | Abyss:1  | Paralysed by accursed screaming for 2 turns
 97106 | Abyss:2  | Found a corrupted altar of Lugonu.
 97504 | Abyss:2  | Was forgiven by Okawaru
 97758 | Abyss:2  | Got a bloodstained flail
 97978 | Abyss:2  | Reached skill level 10 in Dodging
 98287 | Depths:4 | Escaped the Abyss
 98516 | Lair:1   | Identified the cursed +1 plate armour of Pragmatism {Int+5}
                  | (You found it on level 4 of the Abyss)
 98524 | Lair:1   | Identified the +10 flail "Cawuetzyuk" {flame, rF+ Int+3}
                  | (You found it on level 2 of the Abyss)
 98876 | Slime:5  | Entered Level 5 of the Pits of Slime
 99901 | Slime:5  | Noticed the Royal Jelly
100604 | Slime:5  | Lost intelligence.
101480 | Depths:2 | Got a smoking rapier
101998 | Depths:2 | Got a bloodstained quarterstaff
102245 | Lair:1   | Identified the +9 rapier of Bloody Death {vamp, rPois rC-
                  | rN+} (You found it on level 2 of the Depths)
102252 | Lair:1   | Identified the +6 quarterstaff of Megalomania {freeze,
                  | Int+2} (You found it on level 2 of the Depths)
102697 | Slime:5  | Found a viscous altar of Jiyva.
103921 | Slime:5  | Killed the Royal Jelly
104548 | Slime:5  | Got a scorched tin ring
104629 | Slime:5  | Got a slimy rune of Zot
104977 | Lair:5   | Killed Vuss's ghost
105126 | Lair:1   | Identified the ring of Yhyst {rPois rF+ Dex+5} (You found
                  | it on level 5 of the Pits of Slime)
105260 | Hell     | Entered the Vestibule of Hell
105260 | Hell     | Noticed Geryon
105342 | Hell     | Killed Geryon
105362 | Hell     | Reached skill level 15 in Dodging
105479 | Hell     | Found a gateway to the ashen valley of Gehenna.
105583 | Hell     | Found a gateway to the Iron City of Dis.
105682 | Hell     | Found a gateway to the freezing wastes of Cocytus.
105838 | Hell     | Found a gateway to the decaying netherworld of Tartarus.
106332 | Tomb:1   | Killed a greater mummy
106581 | Tomb:2   | Killed a greater mummy
106588 | Tomb:2   | Killed a greater mummy
106590 | Tomb:2   | Killed a greater mummy
106616 | Tomb:2   | Killed a greater mummy
106650 | Tomb:2   | Got a scorched scale mail
106940 | Tomb:1   | Noticed a greater mummy
106944 | Tomb:1   | Killed a greater mummy
106944 | Tomb:1   | Reached skill level 27 in Fighting
107061 | Tomb:1   | Noticed a greater mummy
107074 | Tomb:1   | Killed a greater mummy
107084 | Tomb:1   | Noticed a greater mummy
107087 | Tomb:1   | Noticed a greater mummy
107096 | Tomb:1   | Killed a greater mummy
107104 | Tomb:1   | Killed a greater mummy
107131 | Tomb:1   | Noticed a greater mummy
107138 | Tomb:1   | Killed a greater mummy
107140 | Tomb:1   | Noticed a greater mummy
107141 | Tomb:1   | Noticed a greater mummy
107145 | Tomb:1   | Killed a greater mummy
107158 | Tomb:1   | Killed a greater mummy
107169 | Tomb:1   | Killed a greater mummy
107170 | Tomb:1   | Noticed a greater mummy
107172 | Tomb:1   | Noticed a greater mummy
107174 | Tomb:1   | Killed a greater mummy
107175 | Tomb:1   | Killed a greater mummy
107179 | Tomb:1   | Killed a greater mummy
107188 | Tomb:1   | Killed a greater mummy
107383 | Tomb:3   | Entered Level 3 of the Tomb of the Ancients
107440 | Tomb:3   | Noticed a greater mummy
107454 | Tomb:3   | Noticed a greater mummy
107478 | Tomb:3   | Noticed a greater mummy
107481 | Tomb:3   | Noticed a greater mummy
107488 | Tomb:3   | Killed a greater mummy
107491 | Tomb:3   | Killed a greater mummy
107496 | Tomb:3   | Killed a greater mummy
107505 | Tomb:3   | Killed a greater mummy
107691 | Tomb:3   | Found the +8 lance "Wyrmbane" {slay drac, rPois rF+ rC+
                  | AC+3}
107733 | Tomb:3   | Noticed a greater mummy
107734 | Tomb:3   | Noticed a greater mummy
107739 | Tomb:3   | Noticed a greater mummy
107742 | Tomb:3   | Noticed a greater mummy
107747 | Tomb:3   | Killed a greater mummy
107748 | Tomb:3   | Noticed a greater mummy
107757 | Tomb:3   | Killed a greater mummy
107765 | Tomb:3   | Killed a greater mummy
107772 | Tomb:3   | Killed a greater mummy
107779 | Tomb:3   | Killed a greater mummy
107887 | Tomb:3   | Got a golden rune of Zot
108101 | Tomb:3   | Got a scorched broad axe
108259 | Tomb:3   | Got a faintly glowing battleaxe
108265 | Tomb:3   | Identified the +9 battleaxe of Wealth {chop, rN+ Dex+4}
                  | (You found it on level 3 of the Tomb of the Ancients)
108276 | Tomb:3   | Got a blackened broad axe
108277 | Tomb:3   | Identified the +4 broad axe of Visifem {elec, Str+2 Int+3}
                  | (You found it on level 3 of the Tomb of the Ancients)
108283 | Tomb:3   | Got a translucent great sword
108284 | Tomb:3   | Identified the +5 great sword of Tuahucan {protect, MR+
                  | Str-4 Int+4} (You found it on level 3 of the Tomb of the
                  | Ancients)
108314 | Tomb:3   | Identified the +6 scale mail of the Cricket {rF+} (You
                  | found it on level 2 of the Tomb of the Ancients)
108331 | Tomb:3   | Got a thick robe
108337 | Tomb:3   | Identified the +0 robe of Diwua {rElec rC- Dex+2} (You
                  | found it on level 3 of the Tomb of the Ancients)
108360 | Tomb:3   | Got a pitted iron ring
108361 | Tomb:3   | Identified the ring of False Pretenses {MR++ EV+3 Int+4}
                  | (You found it on level 3 of the Tomb of the Ancients)
109331 | Coc:1    | Entered Level 1 of Cocytus
109371 | Coc:1    | Found a huge runed gate.
109371 | Coc:1    | Found a huge runed gate.
109371 | Coc:1    | Found a huge runed gate.
109371 | Coc:1    | Found a huge runed gate.
109372 | Coc:1    | Found a huge runed gate.
109372 | Coc:1    | Found a huge runed gate.
109373 | Coc:1    | Found a huge runed gate.
109373 | Coc:1    | Found a huge runed gate.
109374 | Coc:1    | Found a huge runed gate.
109374 | Coc:1    | Found a huge runed gate.
109375 | Coc:1    | Found a huge runed gate.
109376 | Coc:1    | Found a huge runed gate.
109377 | Coc:1    | Found a huge runed gate.
110485 | Coc:7    | Entered Level 7 of Cocytus
110743 | Coc:7    | Cast into level 3 of the Abyss (reaper)
110744 | Abyss:3  | Found a corrupted altar of Lugonu.
110756 | Coc:7    | Escaped the Abyss
110877 | Coc:7    | Noticed Antaeus
110909 | Coc:7    | Killed Antaeus
110985 | Coc:7    | Got an icy rune of Zot
110987 | Coc:7    | Identified the Papyrus of the Burning Snowflakes
111221 | Tar:1    | Entered Level 1 of Tartarus
111901 | Tar:7    | Entered Level 7 of Tartarus
112412 | Tar:7    | Found the +8 frozen axe "Frostbite" {freezing cloud, *Noise
                  | +Fly rC+}
112413 | Tar:7    | Identified the Compendium of Bewitching Moulding
112415 | Tar:7    | Identified Allisaf's Almanac of Battle Magic
112418 | Tar:7    | Got a slimy dagger
112420 | Tar:7    | Got an ancient scale mail
112699 | Tar:7    | Got a shimmering plate armour
112702 | Tar:7    | Got a dazzling long sword
112826 | Tar:7    | Noticed Ereshkigal
112856 | Tar:7    | Killed Ereshkigal
112871 | Tar:7    | Got a bloodstained war axe {flame}
112894 | Tar:7    | Got a bone rune of Zot
113462 | Lair:1   | Identified the +9 dagger of the Hall of Blades {drain, rC+
                  | Str+2} (You found it on level 7 of Tartarus)
113465 | Lair:1   | Identified the +11 war axe "Orb Guardian's Regret" {flame,
                  | +Rage Str+4} (You took it off Ereshkigal on level 7 of
                  | Tartarus)
113467 | Lair:1   | Identified the +5 long sword of the Gloaming {speed, rElec
                  | rF++ Int+4} (You found it on level 7 of Tartarus)
113479 | Lair:1   | Identified the +3 plate armour of Forking Paths {+Inv
                  | Dex+8} (You found it on level 7 of Tartarus)
113490 | Lair:1   | Identified the cursed +1 scale mail of Valour {*Corrode
                  | +Inv rElec rN++} (You found it on level 7 of Tartarus)
113652 | Geh:1    | Entered Level 1 of Gehenna
114275 | Geh:3    | Cast into level 2 of the Abyss (hell knight)
114564 | Geh:3    | Escaped the Abyss
115109 | Geh:7    | Entered Level 7 of Gehenna
115915 | Geh:7    | Noticed Asmodeus
115935 | Geh:7    | Killed Asmodeus
115938 | Geh:7    | Got a brightly glowing marble ring
115952 | Geh:7    | Got an obsidian rune of Zot
116026 | Geh:7    | Found the +3 Elemental Staff {rElec rF++ rC++ MR++ AC+5}
116247 | Hell     | Identified the ring of Jilunuf {*Slow +Blink EV+4 Int+6}
                  | (You took it off Asmodeus on level 7 of Gehenna)
116254 | Dis:1    | Entered Level 1 of the Iron City of Dis
116644 | Dis:7    | Entered Level 7 of the Iron City of Dis
117455 | Dis:7    | Reached skill level 27 in Armour
117606 | Dis:7    | Got an ancient morningstar
117695 | Dis:7    | Got a pitted granite ring
117714 | Dis:7    | Got a scorched ring mail
117932 | Dis:7    | Identified the ring of Waovercho {MR+ Str+8} (You found it
                  | on level 7 of the Iron City of Dis)
117935 | Dis:7    | Identified the +10 morningstar "Odghoaxku" {drain, *Rage
                  | Str+5} (You found it on level 7 of the Iron City of Dis)
117938 | Dis:7    | Got a faintly glowing marble ring
117941 | Dis:7    | Identified the ring of Xom's Envy {rPois rF- Str+2 Dex+4}
                  | (You found it on level 7 of the Iron City of Dis)
117982 | Dis:7    | Reached skill level 1 in Air Magic
118067 | Dis:7    | Noticed the Serpent of Hell
118099 | Dis:7    | Killed the Serpent of Hell
118099 | Dis:7    | Reached skill level 5 in Air Magic
118221 | Dis:7    | Noticed Dispater
118253 | Dis:7    | Killed Dispater
118280 | Dis:7    | Reached skill level 10 in Air Magic
118346 | Dis:7    | Got an iron rune of Zot
118453 | Dis:7    | Identified the Tome of the Mountains
119027 | Pan      | Entered Pandemonium
119657 | Pan      | Noticed Hipec the pandemonium lord
119698 | Pan      | Killed Hipec the pandemonium lord
119877 | Pan      | Entered the realm of Cerebov.
120244 | Pan      | Got a shimmering glaive
120365 | Pan      | Got a brightly glowing granite ring
120644 | Pan      | Got a flickering brass amulet
120714 | Pan      | Identified the Almanac of Creation and Clay
120852 | Pan      | Noticed Cerebov
120869 | Pan      | Killed Cerebov
120891 | Pan      | Got a scorched falchion
120893 | Pan      | Got a fiery rune of Zot
120907 | Pan      | Identified the Incunabulum of Ashen Lightness
120922 | Pan      | Identified the Guide on Floating Displacement
121241 | Pan      | Identified the +5 falchion of Osi Hy Moipn {flame, rN+}
                  | (You found it in Pandemonium)
121389 | Pan      | Noticed Efurorr the pandemonium lord
121408 | Pan      | Killed Efurorr the pandemonium lord
121868 | Depths:3 | Escaped Pandemonium
122074 | Lair:1   | Identified the ring "Ered" {*Contam +Inv rElec rN+ Int+4}
                  | (You took it off a balrug in Pandemonium)
122079 | Lair:1   | Identified the amulet of Yshroaciunt {+Rage Dex+2 SInv}
                  | (You took it off a balrug in Pandemonium)
122264 | Pan      | Entered Pandemonium
122540 | Pan      | Noticed Ohuck the pandemonium lord
122560 | Pan      | Killed Ohuck the pandemonium lord
122927 | Pan      | Got a bloodstained chain mail
122983 | Pan      | Found an exit through the horrors of the Abyss.
123080 | Pan      | Noticed Wenwogubb the pandemonium lord
124265 | Pan      | Killed Wenwogubb the pandemonium lord
124280 | Pan      | Got a brightly glowing quarterstaff
124281 | Pan      | Identified Puvuheta's Compendium of Self-Improvement
124285 | Pan      | Got a demonic rune of Zot
124547 | Pan      | Entered the realm of Gloorx Vloq.
124614 | Pan      | Noticed Gloorx Vloq
124626 | Pan      | Killed Gloorx Vloq
124638 | Pan      | Got a dark rune of Zot
124943 | Pan      | Found an exit through the horrors of the Abyss.
125624 | Pan      | Noticed Leacaun the pandemonium lord
125634 | Pan      | Killed Leacaun the pandemonium lord
125634 | Pan      | Reached skill level 27 in Dodging
126131 | Pan      | Found an exit through the horrors of the Abyss.
126273 | Pan      | Noticed Nefuwaph the pandemonium lord
126380 | Pan      | Killed Nefuwaph the pandemonium lord
127357 | Pan      | Noticed Qaquehu the pandemonium lord
127373 | Pan      | Killed Qaquehu the pandemonium lord
127462 | Pan      | Cast into level 2 of the Abyss (demon trident of
                  | distortion)
127568 | Pan      | Escaped the Abyss
127855 | Pan      | Found an exit through the horrors of the Abyss.
128214 | Pan      | Noticed Asabouss the pandemonium lord
128220 | Pan      | Killed Asabouss the pandemonium lord
128927 | Pan      | Found a huge runed gate.
128927 | Pan      | Noticed Ryoro the pandemonium lord
128945 | Pan      | Killed Ryoro the pandemonium lord
128969 | Pan      | Reached skill level 27 in Long Blades
129067 | Pan      | Found an exit through the horrors of the Abyss.
129610 | Pan      | Found a huge runed gate.
129973 | Pan      | Found an exit through the horrors of the Abyss.
130500 | Pan      | Noticed Puosua the pandemonium lord
130540 | Pan      | Killed Puosua the pandemonium lord
130705 | Depths:3 | Escaped Pandemonium
132906 | Pan      | Entered Pandemonium
134049 | Pan      | Found an exit through the horrors of the Abyss.
134228 | Pan      | Noticed Gikoqal the pandemonium lord
134257 | Pan      | Killed Gikoqal the pandemonium lord
134396 | Pan      | Found an exit through the horrors of the Abyss.
134502 | Pan      | Noticed Wental the pandemonium lord
134528 | Pan      | Killed Wental the pandemonium lord
134949 | Depths:3 | Escaped Pandemonium
135300 | Depths:1 | You paid a toll of +4 ice dragon scales to enter a treasure
                  | trove
135301 | Trove    | Entered a treasure trove
135306 | Trove    | Got a heavily runed plate armour
135310 | Trove    | Got a faintly humming plate armour
135314 | Trove    | Got a brightly glowing helmet
135317 | Trove    | Got a distressingly furry shield
135325 | Trove    | Got a faintly humming cloak
135331 | Trove    | Got a bloodstained crystal plate armour
135347 | Trove    | Identified the +5 plate armour of Lethargy {+Fly rPois
                  | Int-5} (You found it in a treasure trove)
135357 | Trove    | Identified the +9 plate armour of the Valley of Death {rN+
                  | Str+2 Int-5 Dex+2} (You found it in a treasure trove)
135367 | Trove    | Identified the +0 helmet of Fimagob {rC+ MR++ Int+4 Dex+2}
                  | (You found it in a treasure trove)
135408 | Trove    | Identified the +3 crystal plate armour of the Barnacle
                  | {rCorr Slay+6 SInv} (You found it in a treasure trove)
135506 | Depths:1 | Identified the +2 cloak "Faus" {rPois rF+ MR- Slay+4} (You
                  | found it in a treasure trove)
135511 | Depths:1 | Identified the -1 shield "Xudohass" {Str+6 Dex-2} (You
                  | found it in a treasure trove)
135916 | Pan      | Entered the realm of Mnoleg.
135916 | Pan      | Entered Pandemonium
136280 | Pan      | Found an exit through the horrors of the Abyss.
136283 | Pan      | Got a smoking bronze ring
136576 | Pan      | Noticed Mnoleg
136623 | Pan      | Killed Mnoleg
136742 | Pan      | Got a glowing rune of Zot
136849 | Pan      | Found a transporter.
136869 | Pan      | Noticed Mennas
136888 | Pan      | Killed Mennas
137358 | Pan      | Found an exit through the horrors of the Abyss.
137383 | Pan      | Found a transporter.
138003 | Pan      | Got a scorched platinum amulet
138027 | Pan      | Got a brightly glowing bone ring
138061 | Pan      | Entered the realm of Lom Lobon.
138290 | Pan      | Got a faintly humming leather armour
138368 | Pan      | Found an exit through the horrors of the Abyss.
138658 | Pan      | Got a translucent helmet
138785 | Pan      | Noticed Lom Lobon
138792 | Pan      | Killed Lom Lobon
138831 | Pan      | Got a magical rune of Zot
139673 | Pan      | Noticed Kutritog the pandemonium lord
139684 | Pan      | Killed Kutritog the pandemonium lord
140004 | Pan      | Found an exit through the horrors of the Abyss.
140231 | Pan      | Found an exit through the horrors of the Abyss.
140331 | Pan      | Identified the amulet of Existentialism {Spirit rPois rC+
                  | Int-4} (You found it in Pandemonium)
140995 | Pan      | Found an exit through the horrors of the Abyss.
141055 | Pan      | Reached skill level 15 in Evocations
141416 | Pan      | Identified the ring "Xavihuup" {+Inv rC+} (You found it in
                  | Pandemonium)
141418 | Pan      | Identified the ring of Ydudgh {rPois MR+ Dex+2 Slay+3} (You
                  | found it in Pandemonium)
141429 | Pan      | Identified the +3 leather armour of the Engineer {*Drain
                  | +Inv rPois Int-3} (You found it in Pandemonium)
141440 | Pan      | Got an ichor-stained trident
141498 | Pan      | Noticed Ivantagh the pandemonium lord
141530 | Pan      | Killed Ivantagh the pandemonium lord
141622 | Pan      | Identified the +0 helmet "Kyheiq" {rF+} (You found it in
                  | Pandemonium)
141703 | Pan      | Found an exit through the horrors of the Abyss.
142157 | Pan      | Got a twisted ring mail
142263 | Pan      | Noticed Giofia the pandemonium lord
142278 | Pan      | Killed Giofia the pandemonium lord
142766 | Pan      | Found an exit through the horrors of the Abyss.
143389 | Pan      | Noticed Amadwoy the pandemonium lord
143417 | Pan      | Killed Amadwoy the pandemonium lord
143765 | Pan      | Found an exit through the horrors of the Abyss.
143998 | Pan      | Found an exit through the horrors of the Abyss.
144128 | Pan      | Noticed Ezuotocergh the pandemonium lord
144133 | Pan      | Killed Ezuotocergh the pandemonium lord
144875 | Pan      | Noticed Dugephism the pandemonium lord
144903 | Pan      | Killed Dugephism the pandemonium lord
145530 | Pan      | Noticed Epestuat the pandemonium lord
145546 | Pan      | Killed Epestuat the pandemonium lord
145706 | Pan      | Found an exit through the horrors of the Abyss.
145913 | Pan      | Identified the +6 trident of the Stork {freeze, *Corrode
                  | rN+ SInv} (You found it in Pandemonium)
146422 | Depths:3 | Escaped Pandemonium
146633 | Lair:1   | Got a vibrating steel ring
146635 | Lair:1   | Identified the ring of Cuus {rElec rF+} (You acquired it on
                  | level 1 of the Lair of Beasts)
146644 | Lair:1   | Got a vibrating marble ring
146645 | Lair:1   | Identified the ring "Somakat" {rElec rF+ Str+3 Dex-5 SInv}
                  | (You acquired it on level 1 of the Lair of Beasts)
148385 | Zig:1    | Entered Level 1 of a ziggurat
148386 | Zig:1    | Noticed a greater mummy
148393 | Zig:1    | Killed a greater mummy
148422 | Zig:2    | Entered Level 2 of a ziggurat
148447 | Zig:2    | Got a steaming cloak
148458 | Zig:2    | Identified the cursed +0 cloak "Zevub" {-Tele rN++ Slay+3
                  | Stlth+} (You found it on level 2 of a ziggurat)
148470 | Zig:3    | Entered Level 3 of a ziggurat
148520 | Zig:3    | Got a vibrating amber ring
148524 | Zig:3    | Identified the ring "Rohuank" {rPois rC+ rN+ Dex+2} (You
                  | found it on level 3 of a ziggurat)
148528 | Zig:4    | Entered Level 4 of a ziggurat
148591 | Zig:5    | Entered Level 5 of a ziggurat
148631 | Zig:6    | Entered Level 6 of a ziggurat
148677 | Zig:7    | Entered Level 7 of a ziggurat
148726 | Zig:7    | Got a scorched spear
148767 | Zig:8    | Entered Level 8 of a ziggurat
148774 | Zig:8    | Found the +10 morningstar "Eos" {elec, Halo rElec}
148833 | Zig:8    | Got a slimy hunting sling
148846 | Zig:9    | Entered Level 9 of a ziggurat
148862 | Zig:9    | Paralysed by a floating eye for 4 turns
148895 | Zig:9    | Got a glittering bone amulet
149029 | Zig:10   | Entered Level 10 of a ziggurat
149040 | Zig:10   | Found the +7 longbow "Piercer" {penet, EV-2}
149040 | Zig:10   | Reached skill level 1 in Maces & Flails
149040 | Zig:10   | Reached skill level 1 in Translocations
149110 | Zig:10   | Got a transparent long sword
149130 | Zig:10   | Identified the cursed +1 spear "Jaubrapu" {pierce, Str+4
                  | Int+4} (You found it on level 7 of a ziggurat)
149133 | Zig:10   | Identified the cursed +3 hunting sling "Duuff" {venom,
                  | Str+2 Dex+5} (You found it on level 8 of a ziggurat)
149136 | Zig:10   | Identified the +8 long sword of Cruel Justice {freeze, rN+
                  | Str+2 Dex+3} (You found it on level 10 of a ziggurat)
149144 | Zig:11   | Entered Level 11 of a ziggurat
149153 | Zig:11   | Noticed a juggernaut
149159 | Zig:11   | Killed a juggernaut
149160 | Zig:11   | Noticed a juggernaut
149162 | Zig:11   | Noticed a juggernaut
149167 | Zig:11   | Killed a juggernaut
149167 | Zig:11   | Reached skill level 5 in Maces & Flails
149167 | Zig:11   | Reached skill level 5 in Translocations
149178 | Zig:11   | Killed a juggernaut
149292 | Zig:12   | Entered Level 12 of a ziggurat
149322 | Zig:12   | Reached skill level 10 in Translocations
149383 | Zig:12   | Got a warped wooden ring
149385 | Zig:12   | Got an encrusted short sword
149386 | Zig:12   | Identified the +10 short sword of Vudol {flame, rPois rC+}
                  | (You found it on level 12 of a ziggurat)
149392 | Zig:12   | Identified the Papyrus of Hexes
149398 | Zig:12   | Identified Bamairo's Almanac of Dusty Necromancy
149401 | Zig:12   | Got a dazzling leather armour
149412 | Zig:12   | Identified the +3 leather armour of Midwinter {rElec rPois
                  | Int+7 Slay-2} (You found it on level 12 of a ziggurat)
149438 | Zig:12   | Identified a +0 pair of boots of running (You found it on
                  | level 12 of a ziggurat)
149448 | Zig:12   | Got a jewelled plate armour
149459 | Zig:12   | Identified the +10 plate armour of the Bagpipe {rF- rC++
                  | Regen+ Dex+3} (You found it on level 12 of a ziggurat)
149480 | Zig:13   | Entered Level 13 of a ziggurat
149498 | Zig:13   | Paralysed by accursed screaming for 1 turns
149509 | Zig:13   | Cast into level 3 of the Abyss (spatial maelstrom)
149646 | Zig:13   | Escaped the Abyss
149646 | Zig:13   | Paralysed by accursed screaming for 1 turns
149674 | Zig:13   | Reached skill level 10 in Maces & Flails
149729 | Zig:13   | Got a wavering golden ring
149747 | Zig:13   | Identified the amulet "Poanas" {RegenMP rC+ MR+ Dex+2} (You
                  | found it on level 9 of a ziggurat)
149813 | Zig:14   | Entered Level 14 of a ziggurat
149965 | Zig:14   | Got a bound iron amulet
149966 | Zig:14   | Identified the amulet of the Circus Animal {+Rage MP+9
                  | Str+2} (You found it on level 14 of a ziggurat)
150013 | Zig:15   | Entered Level 15 of a ziggurat
150021 | Zig:15   | Noticed Juolebb the pandemonium lord
150030 | Zig:15   | Paralysed by accursed screaming for 2 turns
150041 | Zig:15   | Killed Juolebb the pandemonium lord
150041 | Zig:15   | Reached skill level 10 in Crossbows
150088 | Zig:15   | Found the +6 shillelagh "Devastator" {shatter}
150135 | Zig:15   | Got a steaming lead ring
150138 | Zig:15   | Got a pitted lapis lazuli ring
150148 | Zig:15   | Identified the Guide on Cloudy Stolen Souls
150179 | Zig:15   | Identified the ring of the Louse {Dex+4 Stlth+} (You found
                  | it on level 15 of a ziggurat)
150182 | Zig:15   | Identified the ring of Pech {rCorr +Inv rElec Dex-4} (You
                  | found it on level 13 of a ziggurat)
150185 | Zig:15   | Identified the ring of Tedotwu {+Fly rC+ Dex+3} (You found
                  | it on level 15 of a ziggurat)
150188 | Zig:15   | Identified the ring "Mimuxk Tutih" {*Drain MP+9 Str+4
                  | Int+6} (You found it on level 12 of a ziggurat)
150190 | Zig:15   | Got a fine pewter ring
150192 | Zig:15   | Identified the ring of Zacvoiwn {rPois rC+ Str-3 Int+5
                  | Slay+3} (You found it on level 15 of a ziggurat)
150226 | Zig:16   | Entered Level 16 of a ziggurat
150329 | Zig:16   | Identified Zosy's Guide on Transformation and Earth
150341 | Zig:16   | Identified Joschemi's Papyrus of Fiery Evil Arts
150374 | Zig:17   | Entered Level 17 of a ziggurat
150502 | Zig:17   | Got a shimmering bone ring
150513 | Zig:17   | Identified Mynu's Disquisition on Transformation and Evil
150542 | Zig:17   | Identified the ring "Xuuduh" {Fire rElec Slay-6 SInv
                  | Stlth+} (You found it on level 17 of a ziggurat)
150549 | Zig:17   | Got a twisted chain mail
150560 | Zig:17   | Identified the cursed +1 chain mail "Qircher" {rPois Int+2}
                  | (You found it on level 17 of a ziggurat)
150575 | Zig:17   | Got a steaming scimitar
150576 | Zig:17   | Identified the +5 scimitar of Mandamus {venom, *Contam MR+
                  | Int+3} (You found it on level 17 of a ziggurat)
150581 | Zig:17   | Got a smoking glaive
150601 | Zig:17   | Identified the cursed +1 glaive "Otidghudd" {freeze, rF+
                  | Str-2 Int+7} (You found it on level 17 of a ziggurat)
150620 | Zig:18   | Entered Level 18 of a ziggurat
150633 | Zig:18   | Found the ring of Robustness {AC+8}
150633 | Zig:18   | Found the cursed necklace of Bloodlust {*Rage +Rage MR++
                  | Int-3 Slay+6 *Curse}
150642 | Zig:18   | Reached skill level 1 in Poison Magic
150644 | Zig:18   | Cast into level 3 of the Abyss (reaper)
150746 | Abyss:3  | Reached skill level 5 in Poison Magic
151096 | Abyss:3  | Reached skill level 10 in Poison Magic
151144 | Abyss:3  | Noticed an ancient lich
151150 | Abyss:3  | Killed an ancient lich
151207 | Abyss:3  | Paralysed by accursed screaming for 1 turns
151242 | Zig:18   | Escaped the Abyss
151465 | Zig:18   | Identified the Guide on Supportive Augmentations
151470 | Zig:18   | Identified the Collected Works on Talismans
151574 | Zig:19   | Entered Level 19 of a ziggurat
151629 | Zig:19   | Found the ring of Phasing {EV+8}
151728 | Zig:19   | Identified Rosyzot's Tome of Attacks and Evil
151787 | Zig:19   | Got a transparent ivory ring
151789 | Zig:19   | Identified the ring of Light {rC- Str+5 Stlth+} (You found
                  | it on level 19 of a ziggurat)
151793 | Zig:19   | Got a distressingly furry scale mail
151804 | Zig:19   | Identified the cursed +0 scale mail "Gofogg" {rN+ MR+
                  | Slay-3} (You found it on level 19 of a ziggurat)
151849 | Zig:20   | Entered Level 20 of a ziggurat
151979 | Zig:20   | Found the +3 hat of Pondering {ponderous, MR+ MP+10 Int+5}
151987 | Zig:20   | Identified the Compendium of Transmutation and
                  | Translocation
152023 | Zig:20   | Got a steaming mace
152024 | Zig:20   | Identified the +7 mace of Earthquakes {pain, +Rage} (You
                  | found it on level 20 of a ziggurat)
152027 | Zig:20   | Got a wavering silver ring
152029 | Zig:20   | Identified the cursed ring of Surph {Str+7 Int-3} (You
                  | found it on level 20 of a ziggurat)
152038 | Zig:20   | Got a heavily runed lapis lazuli ring
152039 | Zig:20   | Identified the ring of Qig Zitt {Str+3 Stlth+} (You found
                  | it on level 20 of a ziggurat)
152045 | Zig:20   | Got a warped scythe
152051 | Zig:20   | Identified the +5 scythe "Zyset" {slice, rPois rF- rN++}
                  | (You found it on level 20 of a ziggurat)
152117 | Zig:21   | Entered Level 21 of a ziggurat
152126 | Zig:21   | Noticed a juggernaut
152126 | Zig:21   | Noticed a juggernaut
152127 | Zig:21   | Noticed a juggernaut
152127 | Zig:21   | Noticed a juggernaut
152127 | Zig:21   | Noticed a juggernaut
152127 | Zig:21   | Noticed a juggernaut
152128 | Zig:21   | Noticed a juggernaut
152131 | Zig:21   | Noticed a juggernaut
152140 | Zig:21   | Killed a juggernaut
152150 | Zig:21   | Noticed a juggernaut
152157 | Zig:21   | Killed a juggernaut
152160 | Zig:21   | Killed a juggernaut
152190 | Zig:21   | Killed a juggernaut
152206 | Zig:21   | Killed a juggernaut
152223 | Zig:21   | HP: 10/273 [juggernaut (23)]
152230 | Zig:21   | Killed a juggernaut
152243 | Zig:21   | Killed a juggernaut
152248 | Zig:21   | Killed a juggernaut
152261 | Zig:21   | Killed a juggernaut
152417 | Zig:21   | Identified Zeesh's Grimoire of Ghastly Air
152447 | Zig:21   | Got an ancient brass ring
152448 | Zig:21   | Identified the ring "Gahump" {Str+2 SInv} (You found it on
                  | level 21 of a ziggurat)
152453 | Zig:21   | Got a twitching platinum ring
152454 | Zig:21   | Identified the cursed ring of Zebuq {rN++ Int-3 Stlth-}
                  | (You found it on level 21 of a ziggurat)
152469 | Zig:22   | Entered Level 22 of a ziggurat
152483 | Zig:22   | Reached skill level 1 in Polearms
152521 | Zig:22   | Reached skill level 5 in Polearms
152640 | Zig:22   | Found the +8 autumn katana {slice, Clar}
152727 | Zig:22   | Got a polished dagger
152728 | Zig:22   | Identified the +8 dagger of Jiaxt {pierce, Int+5 SInv} (You
                  | found it on level 22 of a ziggurat)
152751 | Zig:23   | Entered Level 23 of a ziggurat
152774 | Zig:23   | Reached skill level 10 in Polearms
153016 | Zig:23   | Got a pair of spiked gloves
153017 | Zig:23   | Identified the +4 pair of gloves of Xeehuy {+Fly Str+4}
                  | (You found it on level 23 of a ziggurat)
153029 | Zig:23   | Got a smoking tin ring
153033 | Zig:23   | Identified the ring of Tontyw {Fire MR+} (You found it on
                  | level 23 of a ziggurat)
153050 | Zig:24   | Entered Level 24 of a ziggurat
153114 | Zig:24   | Reached skill level 27 in Evocations
153255 | Zig:24   | Found the +8 trident of the Octopus King {venom, rElec
                  | rPois MR+}
153319 | Zig:24   | Got a coiled tin ring
153325 | Zig:24   | Identified the ring of the Good {rF+ Int+4 Stlth+} (You
                  | found it on level 24 of a ziggurat)
153333 | Zig:24   | Got a bound copper ring
153340 | Zig:24   | Identified the ring "Wemets" {*Corrode rC++ Int+2 Dex+4
                  | Stlth+} (You found it on level 24 of a ziggurat)
153381 | Zig:25   | Entered Level 25 of a ziggurat
153388 | Zig:25   | Noticed a greater mummy
153401 | Zig:25   | Noticed a greater mummy
153403 | Zig:25   | Noticed a greater mummy
153404 | Zig:25   | Noticed a greater mummy
153404 | Zig:25   | Noticed a greater mummy
153405 | Zig:25   | Noticed a greater mummy
153406 | Zig:25   | Noticed a greater mummy
153409 | Zig:25   | Noticed a greater mummy
153411 | Zig:25   | Noticed a greater mummy
153413 | Zig:25   | Killed a greater mummy
153417 | Zig:25   | Noticed a greater mummy
153418 | Zig:25   | Killed a greater mummy
153419 | Zig:25   | Noticed a greater mummy
153420 | Zig:25   | Noticed a greater mummy
153433 | Zig:25   | Killed a greater mummy
153439 | Zig:25   | Killed a greater mummy
153440 | Zig:25   | Noticed a greater mummy
153450 | Zig:25   | Killed a greater mummy
153457 | Zig:25   | Noticed a greater mummy
153504 | Zig:25   | Killed a greater mummy
153507 | Zig:25   | Killed a greater mummy
153509 | Zig:25   | Killed a greater mummy
153511 | Zig:25   | Killed a greater mummy
153514 | Zig:25   | Killed a greater mummy
153519 | Zig:25   | Killed a greater mummy
153519 | Zig:25   | Killed a greater mummy
153526 | Zig:25   | Killed a greater mummy
153527 | Zig:25   | Killed a greater mummy
153530 | Zig:25   | Reached skill level 27 in Throwing
153635 | Zig:25   | Identified the Collected Works on the Entourage and
                  | Moulding
153664 | Zig:25   | Got a crude diamond amulet
153665 | Zig:25   | Identified the amulet of Makhleb's Reproof {Reflect Int+3
                  | SH+2} (You found it on level 25 of a ziggurat)
153675 | Zig:25   | Got a heavily runed glass ring
153682 | Zig:25   | Identified the ring of Xom's Flight of Fancy {rCorr Dex+7
                  | Stlth+} (You found it on level 25 of a ziggurat)
153742 | Zig:26   | Entered Level 26 of a ziggurat
153766 | Zig:26   | Noticed Gockad the pandemonium lord
153772 | Zig:26   | Killed Gockad the pandemonium lord
153779 | Zig:26   | Noticed Unuoj the pandemonium lord
153789 | Zig:26   | Killed Unuoj the pandemonium lord
153794 | Zig:26   | Noticed Zymyrye the pandemonium lord
153796 | Zig:26   | Noticed Moutucw the pandemonium lord
153798 | Zig:26   | Noticed Siwostob the pandemonium lord
153802 | Zig:26   | Killed Zymyrye the pandemonium lord
153811 | Zig:26   | Noticed Qekim the pandemonium lord
153812 | Zig:26   | Noticed Xacryir the pandemonium lord
153824 | Zig:26   | Noticed Kieruseish the pandemonium lord
153825 | Zig:26   | Noticed Bulyniwo the pandemonium lord
153837 | Zig:26   | Killed Xacryir the pandemonium lord
153837 | Zig:26   | Reached skill level 15 in Polearms
153839 | Zig:26   | Noticed Ducarr the pandemonium lord
153846 | Zig:26   | Killed Qekim the pandemonium lord
153850 | Zig:26   | Noticed Mofuunn the pandemonium lord
153850 | Zig:26   | Noticed Futudiko the pandemonium lord
153853 | Zig:26   | Killed Moutucw the pandemonium lord
153854 | Zig:26   | Noticed Rutoamaph the pandemonium lord
153856 | Zig:26   | Noticed Meor the pandemonium lord
153859 | Zig:26   | Noticed Cocwiwn the pandemonium lord
153861 | Zig:26   | Killed Siwostob the pandemonium lord
153863 | Zig:26   | Killed Kieruseish the pandemonium lord
153872 | Zig:26   | Noticed Iquwke the pandemonium lord
153889 | Zig:26   | Killed Cocwiwn the pandemonium lord
153890 | Zig:26   | Noticed Peweqydaxu the pandemonium lord
153893 | Zig:26   | Noticed Pemposch the pandemonium lord
153896 | Zig:26   | Noticed Edatt the pandemonium lord
153904 | Zig:26   | Killed Rutoamaph the pandemonium lord
153905 | Zig:26   | Killed Futudiko the pandemonium lord
153926 | Zig:26   | Killed Edatt the pandemonium lord
153941 | Zig:26   | Killed Meor the pandemonium lord
153951 | Zig:26   | Killed Peweqydaxu the pandemonium lord
153958 | Zig:26   | Killed Mofuunn the pandemonium lord
153965 | Zig:26   | Killed Pemposch the pandemonium lord
153973 | Zig:26   | Killed Ducarr the pandemonium lord
153976 | Zig:26   | Killed Bulyniwo the pandemonium lord
154004 | Zig:26   | Killed Iquwke the pandemonium lord
154166 | Zig:26   | Identified Sif Muna's Disquisition on Creation and
                  | Confrontation
154225 | Zig:27   | Entered Level 27 of a ziggurat
154243 | Zig:27   | Noticed an ancient lich
154248 | Zig:27   | Reached skill level 1 in Spellcasting
154249 | Zig:27   | Noticed an ancient lich
154256 | Zig:27   | Killed an ancient lich
154273 | Zig:27   | Killed an ancient lich
154277 | Zig:27   | Noticed an ancient lich
154278 | Zig:27   | Reached skill level 5 in Spellcasting
154281 | Zig:27   | Noticed an ancient lich
154289 | Zig:27   | Noticed an ancient lich
154294 | Zig:27   | Killed an ancient lich
154299 | Zig:27   | Killed an ancient lich
154301 | Zig:27   | Noticed an ancient lich
154306 | Zig:27   | Noticed an ancient lich
154307 | Zig:27   | Killed an ancient lich
154318 | Zig:27   | Killed from afar by an ancient lich

Skill      XL: |  1  2  3  4  5  6  7  8  9 10 11 12 13 14 15 16 17 18 19 20 21 22 23 24 25 26 27 |
---------------+----------------------------------------------------------------------------------+-----
Stealth        | 1 2 3 4 5 10 11 12 | 12.0
Short Blades   | 2 3 4 5 7 9 10 | 10.5
Armour         | 3 7 10 12 13 14 15 16 18 27 | 27.0
Throwing       | 1 2 3 4 6 8 11 15 27 | 27.0
Shields        | 3 4 5 7 12 15 16 18 19 20 22 25 | 25.0
Fighting       | 4 6 8 13 15 16 18 20 27 | 27.0
Invocations    | 2 3 4 5 7 8 |  8.0
Evocations     | 2 4 27 | 27.0
Long Blades    | 6 7 9 12 13 14 16 17 27 | 27.0
Dodging        | 27 | 27.0
Air Magic      | 11 | 11.3
Maces & Flails | 13 | 13.1
Translocations | 11 | 11.6
Crossbows      | 11 | 11.8
Poison Magic   | 13 | 13.9
Polearms       | 18 | 18.4
Spellcasting   | 8 |  8.6

Action                   |  1- 3 |  4- 6 |  7- 9 | 10-12 | 13-15 | 16-18 | 19-21 | 22-24 | 25-27 || total
-------------------------+-------+-------+-------+-------+-------+-------+-------+-------+-------++-------
Melee: Rapier            |   127 |   171 |    45 |   161 |       |       |    60 |       |       ||   564
       Dagger            |       |   197 |   408 |   814 |   441 |   208 |    12 |       |       ||  2080
       Scimitar          |       |       |       |   387 |  1047 |  1997 |  1172 |       |    50 ||  4653
       Long sword        |       |       |       |       |       |       |  1138 |  1972 |  3497 ||  6607
       Double sword      |       |       |       |       |       |       |       |       | 13363 || 13363
 Fire: Blowgun           |       |       |     6 |    43 |    31 |    54 |     6 |       |     5 ||   145
Throw: Stone             |       |     9 |    38 |     9 |       |       |       |       |       ||    56
       Tomahawk          |       |       |       |     5 |       |       |       |       |       ||     5
       Javelin           |       |       |       |     9 |    40 |    77 |   157 |    76 |   315 ||   674
       Throwing net      |       |       |       |       |       |     2 |     2 |       |       ||     4
Invok: Heroism           |       |       |     2 |     5 |     9 |     8 |    10 |    10 |     3 ||    47
       Finesse           |       |       |       |     3 |     4 |     4 |     5 |     5 |     3 ||    24
 Abil: Evoke Blink       |       |       |       |       |       |       |       |       |     7 ||     7
       Evoke Flight      |       |       |       |       |       |       |       |       |     6 ||     6
       Stop Flying       |       |       |       |       |       |       |       |       |     1 ||     1
       Evoke Invisibilit |       |       |       |       |       |       |       |       |     1 ||     1
Evoke: Wand              |       |       |       |       |     3 |     1 |     2 |       |    39 ||    45
       Phial of floods   |       |       |       |       |     1 |       |     1 |       |       ||     2
       Fan of gales      |       |       |       |       |       |       |     1 |       |       ||     1
       Lamp of fire      |       |       |       |       |       |       |       |     3 |     6 ||     9
       Lightning rod     |       |       |       |       |       |       |       |       |    22 ||    22
  Use: Scroll            |       |     3 |     2 |    14 |    11 |    21 |    12 |    25 |    62 ||   150
       Potion            |       |       |       |       |       |     2 |       |    11 |    13 ||    26
 Stab: Sleeping          |       |     2 |     2 |     6 |     4 |     2 |     6 |       |       ||    22
       Distracted        |       |       |       |     2 |       |     1 |       |       |     3 ||     6
       Petrified         |       |       |       |       |     1 |       |     7 |       |       ||     8
       Invisible         |       |       |       |       |       |       |       |       |     5 ||     5
       Paralysed         |       |       |       |       |       |       |       |       |     2 ||     2
       Confused          |       |       |       |       |       |       |       |       |     1 ||     1
       Petrifying        |       |       |       |       |       |       |       |       |     1 ||     1
  Eat: Chunk             |    15 |    36 |    44 |   117 |   185 |   265 |   155 |   169 |   870 ||  1856
       Ration            |       |       |       |       |       |       |       |     3 |    16 ||    19
Armor: Ring mail         |    58 |   124 |   138 |   222 |       |       |       |       |       ||   542
       Chain mail        |       |       |       |   155 |   374 |       |       |       |       ||   529
       Crystal plate arm |       |       |       |    47 |   814 |  1648 |   599 |  1131 |  9690 || 13929
       Quicksilver drago |       |       |       |       |       |    45 |       |       |       ||    45
       Pearl dragon scal |       |       |       |       |       |       |   435 |       |       ||   435
Dodge: Dodged            |    84 |   154 |   136 |   364 |   578 |   511 |   386 |   487 | 10417 || 13117
Block: Buckler           |       |    33 |    55 |   168 |   308 |   724 |   173 |       |       ||  1461
       Shield            |       |       |       |       |       |       |  1220 |  1626 | 17867 || 20713
       Large shield      |       |       |       |       |       |       |    48 |       |    11 ||    59
       Reflection        |       |       |       |       |       |       |     8 |    98 |   312 ||   418
       Rpst.: Scimitar   |       |       |       |    40 |   108 |   101 |    33 |       |     2 ||   284
       Long sword        |       |       |       |       |       |       |    39 |   112 |   133 ||   284
       Double sword      |       |       |       |       |       |       |       |       |  1751 ||  1751
